 Dungeon Crawl Stone Soup version 0.32-a0-433-g08bcfe7efd (webtiles) character file.

Game seed: 1551248213063901758

766543 sleeves the Ruinous (level 27, -6/230 (302) HPs)
             Began as an Oni Conjurer on Feb 22, 2024.
             Was the Champion of Vehumet.
             Killed by an exploding creeping inferno (24 damage)
             ... on level 7 of Gehenna on Feb 23, 2024.
             The game lasted 06:30:22 (94760 turns).

sleeves the Ruinous (Oni Conjurer)                 Turns: 94760, Time: 06:30:23

HP:   -6/230 (302)  AC: 10    Str: 11 (15) XL:     27
MP:   23/47         EV:  8    Int: 40 (44) God:    Vehumet [******]
Gold: 8258          SH: 29    Dex:  9 (12) Spells: 5/66 levels left

rFire   + + +        G - +5 dagger of True Grit {heavy, ^Drain Will+ Int+5}
rCold   + + +        h - +8 tower shield {rC+ rF+}
rNeg    + + +        P - +4 skin of Zhor {*Englaciate rC+++ SInv}
rPois   ∞            H - +0 hat of the Arcane {^Contam rC+ Str+3 Dex+4}
rElec   +            I - +2 cloak of the Thief {*Fog Slay-2 SInv Stlth+}
rCorr   .            (gloves unavailable)
SInv    +            (boots unavailable)
Will    +++++        F - amulet of the Twisting Madman {RegenMP Harm Regen+}
Stlth   ++++++       V - ring of Kes Ibromig {rElec rPois rF++ rN+ Dex-2}
HPRegen 1.38/turn    p - ring "Vetosteu" {rElec rPois Str-4 Int+6 Dex+4}
MPRegen 0.70/turn

%: harm (+30% outgoing, +20% incoming)
@: death-form, studying Alchemy, heavily drained, unable to read
A: vile attack, torment immunity, no potions, large, unfitting armour, horns 1,
tough skin 1, double potion healing, drunken brawling, large bone plates 1,
clever 1, strong-willed 1, screaming 1, weak 1
}: 5/15 runes: decaying, serpentine, slimy, silver, icy
a: Siphon Essence, Begin Untransformation, Renounce Religion


You were on level 7 of Gehenna.
You worshipped Vehumet.
Vehumet was exalted by your worship.
You were an undying horror.
You visited 15 branches of the dungeon, and saw 71 of its levels.
You visited the Abyss 1 time.
You visited 1 bazaar.
You also visited: Sewer, Ice Cave and Desolation.

You collected 12811 gold pieces.
You spent 4553 gold pieces at shops.

Inventory:

Hand Weapons
 G - the +5 dagger of True Grit (weapon) {heavy, ^Drain Will+ Int+5}
   (You bought it in a shop in a bazaar)

   Int+5:     It affects your intelligence (+5).
   Will+:     It increases your willpower.
   ^Drain:    It drains your maximum health when unequipped.
 X - the +5 hand axe "Violawym" {freeze, *Noise rElec rF+ rC+ Stlth+}
   (You bought it in a shop in a bazaar)

   rF+:       It protects you from fire.
   rC+:       It protects you from cold.
   rElec:     It insulates you from electricity.
   *Noise:    It may make a loud noise when swung.
   Stlth+:    It makes you more stealthy.
Armour
 h - a +8 tower shield of resistance (worn)
   (You took it off Louise on level 3 of the Swamp)
 H - the +0 hat of the Arcane (worn) {^Contam rC+ Str+3 Dex+4}
   (You acquired it on level 1 of the Vaults)

   Str+3:     It affects your strength (+3).
   Dex+4:     It affects your dexterity (+4).
   rC+:       It protects you from cold.
   ^Contam:   It causes magical contamination when unequipped.
 I - the +2 cloak of the Thief (worn) {*Fog Slay-2 SInv Stlth+}
   (You found it on level 7 of the Dungeon)

   *Fog:      It may release a thick cloud of smoke when the wearer is hurt.
   Slay-2:    It affects your accuracy & damage with ranged weapons and melee
   (-2).
   SInv:      It lets you see invisible.
   Stlth+:    It makes you more stealthy.
 P - the +4 skin of Zhor (worn) {*Englaciate rC+++ SInv}
   (You found it in an ice cave)

   *Englaciate: It radiates cold, occasionally slowing all nearby creatures who
   are not resistant to cold.
   rC+++:     It renders you almost immune to cold.
   SInv:      It lets you see invisible.
Magical Staves
 n - the staff "Qemm" {rElec rN+ Will+ Dex+2 Fire Air}
   (You found it on level 3 of the Elven Halls)

   [staff of air]

   Base accuracy: +5 Base damage: 5 Base attack delay: 1.2 This weapon's minimum
   attack delay (0.6) is reached at skill level 12.
   Dex+2:     It affects your dexterity (+2).
   rElec:     It insulates you from electricity.
   rN+:       It protects you from negative energy.
   Will+:     It increases your willpower.
   Fire:      It increases the power of your Fire spells.
   Air:       It increases the power of your Air spells.
   It falls into the 'Staves' category.
   It is a one-handed weapon.
Jewellery
 j - an amulet of reflection
   (You took it off a deep elf death mage on level 3 of the Elven Halls)
 m - the amulet "Soloughove" {rElec Regen+ Dex-2 Slay+5 Stlth+}
   (You found it on level 5 of the Pits of Slime)

   [amulet of regeneration]

   Dex-2:     It affects your dexterity (-2).
   Slay+5:    It affects your accuracy & damage with ranged weapons and melee
   (+5).
   rElec:     It insulates you from electricity.
   Regen+:    It increases your rate of health regeneration.
   Stlth+:    It makes you more stealthy.
 p - the ring "Vetosteu" (right hand) {rElec rPois Str-4 Int+6 Dex+4}
   (You took it off a yaktaur on level 1 of the Vaults)

   [ring of poison resistance]

   Str-4:     It affects your strength (-4).
   Int+6:     It affects your intelligence (+6).
   Dex+4:     It affects your dexterity (+4).
   rElec:     It insulates you from electricity.
   rPois:     It protects you from poison
 x - the ring of the Ferocious God {rCorr Int+3}
   (You took it off an ironbound convoker in the Desolation of Salt)

   [ring of resist corrosion]

   Int+3:     It affects your intelligence (+3).
   rCorr:     It protects you from acid and corrosion.
 y - a ring of flight
   (You found it on level 14 of the Dungeon)
 F - the amulet of the Twisting Madman (around neck) {RegenMP Harm Regen+}
   (You found it on level 3 of the Crypt)

   [amulet of magic regeneration]

   RegenMP:   It increases your rate of magic regeneration.
   Regen+:    It increases your rate of health regeneration.
   Harm:      It increases damage dealt and taken.
 J - the ring of the Hare {EV+10}
   (You found it on level 2 of the Crypt)

   [ring of evasion]

   EV+10:     It affects your evasion (+10).
 R - the ring "Colox Cedyta" {+Blink Will+ SInv}
   (You took it off an ogre mage on level 11 of the Dungeon)

   [ring of see invisible]

   Will+:     It increases your willpower.
   SInv:      It lets you see invisible.
   +Blink:    It lets you blink.
 S - the ring "Noatokes" {rPois Will++ Str-4 Int+6 Dex+2}
   (You acquired it on level 4 of the Vaults)

   [ring of intelligence]

   Str-4:     It affects your strength (-4).
   Int+6:     It affects your intelligence (+6).
   Dex+2:     It affects your dexterity (+2).
   rPois:     It protects you from poison Will++: It greatly increases your
   willpower.
 V - the ring of Kes Ibromig (left hand) {rElec rPois rF++ rN+ Dex-2}
   (You found it on level 1 of the Lair of Beasts)

   [ring of positive energy]

   Dex-2:     It affects your dexterity (-2).
   rF++:      It greatly protects you from fire.
   rElec:     It insulates you from electricity.
   rPois:     It protects you from poison rN+: It protects you from negative
   energy.
Talismans
 k - a talisman of death (active)
   (You found it on level 3 of the Crypt)
Wands
 A - a wand of iceblast (56)
   (You took it off Ijyb on level 4 of the Dungeon)
 O - a wand of digging (12)
   (You found it on level 9 of the Dungeon)
 Y - a wand of quicksilver (9)
   (You found it on level 5 of the Lair of Beasts)
Scrolls
 a - 4 scrolls of butterflies
 c - 21 scrolls of teleportation
 d - 15 scrolls of immolation
 g - 12 scrolls of fear
 i - 10 scrolls of enchant weapon
 l - 5 scrolls of vulnerability
 r - 7 scrolls of torment
 v - 6 scrolls of fog
 w - 8 scrolls of blinking
 C - 12 scrolls of revelation
 D - 4 scrolls of enchant armour
 E - 6 scrolls of amnesia
 N - a scroll of identify
 T - a scroll of brand weapon
 W - 4 scrolls of silence
Potions
 b - 10 potions of magic
 e - 8 potions of mutation
 f - 5 potions of cancellation
 o - 2 potions of ambrosia
 q - 26 potions of heal wounds
 s - 10 potions of invisibility
 t - 7 potions of resistance
 z - 3 potions of enlightenment
 B - 33 potions of curing
 L - 5 potions of lignification
 M - 2 potions of brilliance
 U - 4 potions of haste
Miscellaneous
 u - a lightning rod (4/4)
   (You found it in the Desolation of Salt)
 K - a condenser vane
   (You found it on level 4 of the Swamp)
 Z - a phantom mirror (inert)
   (You found it on level 5 of the Lair of Beasts)


   Skills:
 + Level 22.7 Fighting
 - Level 6.2 Dodging
 - Level 13.0 Stealth
 - Level 15.0 Shields
 - Level 20.0 Spellcasting
 + Level 23.9 Conjurations
 - Level 8.0 Summonings
 - Level 12.0 Translocations
 - Level 22.0 Fire Magic
 - Level 10.0 Earth Magic
 - Level 23.0 Shapeshifting


You had 5 spell levels left.
You knew the following spells:

 Your Spells              Type           Power      Damage    Failure   Level
a - Passage of Golubria   Tloc           94%        N/A       1%          4
b - Plasma Beam           Fire/Air       45%        2x1d60    1%          6
c - Iskenderun's Mystic   Conj/Tloc      100%       2d19      0%          4
d - Ignition              Fire           60%        3d16      1%          8
e - Apportation           Tloc           100%       N/A       1%          1
f - Blink                 Tloc           100%       N/A       1%          2
g - Dispersal             Tloc           47%        N/A       3%          6
h - Spellforged Servitor  Conj/Summ      53%        N/A       1%          7
i - Lehudib's Crystal Sp  Conj/Erth      54%        10d13     5%          8
j - Starburst             Conj/Fire      61%        6d16      1%          6
k - Fire Storm            Conj/Fire      61%        8d15      7%          9

Your spell library contained the following spells:

 Spells                   Type           Power      Damage    Failure   Level
 Foxfire                  Conj/Fire      100%       2x1d9     0%          1
 Kiss of Death            Conj/Necr      100%       2d13      0%          1
 Magic Dart               Conj           100%       1d8       0%          1
 Shock                    Conj/Air       100%       1d9       0%          1
 Sting                    Conj/Alch      100%       1d9       0%          1
 Momentum Strike          Conj/Tloc      100%       3d10      0%          2
 Scorch                   Fire           100%       2d9       0%          2
 Searing Ray              Conj           100%       2d8       0%          2
 Stone Arrow              Conj/Erth      100%       3d13      0%          3
 Volatile Blastmotes      Fire/Tloc      100%       2d18      0%          3
 Flame Wave               Conj/Fire      100%       2d21      0%          4
 Fireball                 Conj/Fire      61%        3d23      0%          5
 Iskenderun's Battlesphe  Conj           100%       2d15      0%          5
 Freeze                   Ice            100%       1d10      1%          1
 Sandblast                Erth           100%       2d20      1%          1
 Summon Small Mammal      Summ           100%       N/A       1%          1
 Lesser Beckoning         Tloc           100%       N/A       1%          2
 Mercury Vapours          Alch/Air       80%        N/A       1%          2
 Static Discharge         Conj/Air       100%       3-8/arc   1%          2
 Call Canine Familiar     Summ           81%        N/A       1%          3
 Dazzling Flash           Conj/Hex       100%       N/A       1%          3
 Gell's Gravitas          Tloc           94%        N/A       1%          3
 Hailstorm                Conj/Ice       94%        3d15      1%          3
 Inner Flame              Hex/Fire       91%        N/A       1%          3
 Mephitic Cloud           Conj/Alch/Air  81%        N/A       1%          3
 Passwall                 Erth           88%        N/A       1%          3
 Summon Ice Beast         Ice/Summ       64%        N/A       1%          3
 Teleport Other           Tloc           94%        N/A       1%          3
 Animate Armour           Summ/Erth      100%       N/A       1%          4
 Brom's Barrelling Bould  Conj/Erth      100%       2d11      1%          4
 Fulminant Prism          Conj/Alch      47%        3d21      1%          4
 Sticky Flame             Fire/Alch      91%        2d14      1%          4
 Summon Blazeheart Golem  Fire/Summ      100%       N/A       1%          4
 Freezing Cloud           Conj/Ice/Air   40%        6-21      1%          5
 Irradiate                Conj/Alch      47%        3d27      1%          5
 Lee's Rapid Deconstruct  Erth           44%        3d21*     1%          5
 Summon Forest            Summ/Tloc      44%        N/A       1%          5
 Frozen Ramparts          Ice            80%        1d13      2%          3
 Dimensional Bullseye     Hex/Tloc       36%        N/A       2%          4
 Necrotise                Necr           100%       1d9       3%          1
 Slow                     Hex            100%       N/A       3%          1
 Cigotuvi's Dreadful Rot  Necr/Alch/Air  80%        N/A       4%          2
 Ensorcelled Hibernation  Hex/Ice        80%        N/A       4%          2
 Jinxbite                 Hex            80%        N/A       4%          2
 Sublimation of Blood     Necr           40%        N/A       4%          2
 Leda's Liquefaction      Alch/Erth      34%        N/A       4%          4
 Petrify                  Alch/Erth      68%        N/A       4%          4
 Martyr's Knell           Necr/Summ      64%        N/A       6%          4
 Summon Lightning Spire   Summ/Air       64%        N/A       6%          4
 Airstrike                Air            20%        2d(3-19)  9%          4
 Olgreb's Toxic Radiance  Alch           40%        N/A       9%          4
 Confusing Touch          Hex            40%        N/A       10%         3
 Fugue of the Fallen      Necr           40%        N/A       10%         3
 Ozocubu's Armour         Ice            40%        N/A       10%         3
 Sigil of Binding         Hex            40%        N/A       10%         3
 Swiftness                Air            40%        N/A       10%         3
 Tukima's Dance           Hex            40%        N/A       10%         3
 Vampiric Draining        Necr           40%        2d8       10%         3
 Borgnjor's Vile Clutch   Necr/Erth      34%        N/A       11%         5
 Summon Mana Viper        Hex/Summ       64%        N/A       17%         5
 Yara's Violent Unravell  Hex/Alch       20%        3d9       22%         5
 Anguish                  Hex/Necr       20%        N/A       30%         4
 Animate Dead             Necr           40%        N/A       30%         4
 Cause Fear               Hex            20%        N/A       30%         4
 Dispel Undead            Necr           40%        3d16      30%         4
 Alistair's Intoxication  Alch           26%        N/A       65%         5
 Curse of Agony           Necr           40%        N/A       65%         5
 Metabolic Englaciation   Hex/Ice        20%        N/A       65%         5
 Silence                  Hex/Air        20%        N/A       65%         5
 Bombard                  Conj/Erth      54%        9d9       1%          6
 Conjure Ball Lightning   Conj/Air       47%        3x3d16    1%          6
 Orb of Destruction       Conj           62%        9d15      1%          7
 Summon Cactus Giant      Summ           40%        N/A       19%         6
 Malign Gateway           Summ/Tloc      44%        N/A       41%         7
 Disjunction              Tloc           47%        N/A       83%         8
 Death Channel            Necr           20%        N/A       99%         6
 Sculpt Simulacrum        Ice/Alch       20%        N/A       99%         6
 Haunt                    Necr/Summ      32%        N/A       99%         7
 Ozocubu's Refrigeration  Ice            20%        4d11      99%         7
 Enfeeble                 Hex            20%        N/A       100%        7
 Discord                  Hex            20%        N/A       100%        8
 Infestation              Necr           20%        N/A       100%        8
 Maxwell's Capacitive Co  Air            20%        ∞         100%        8
 Summon Horrible Things   Summ           40%        N/A       100%        8
 Dragon's Call            Summ           40%        N/A       100%        9
 Polar Vortex             Ice            20%        12d2*     100%        9
 Shatter                  Erth           44%        3d34*     100%        9


Dungeon Overview and Level Annotations

Branches:
Dungeon (15/15)            Temple (1/1) D:6            Lair (5/5) D:8
  Swamp (4/4) Lair:3        Snake (4/4) Lair:3        Slime (5/5) Lair:5
    Orc (2/2) D:11            Elf (3/3) Orc:2        Vaults (5/5) D:13
  Crypt (3/3) Vaults:2       Tomb (0/3) Crypt:3      Depths (4/4) D:15
   Hell (visited)             Dis (0/7) Hell            Geh (7/7) Hell
    Coc (7/7) Hell            Tar (0/7) Hell            Zot (5/5) Depths:4
  Sewer (visited)           IceCv (visited)         Desolation (visited)

Altars:
Ashenzari
Cheibriados
Dithmenos
Elyvilon
Fedhas
Gozag
Hepliaklqana
Kikubaaqudgha
Makhleb
Nemelex Xobeh
Okawaru
Qazlal
Ru
Sif Muna
Trog
Uskayaw
Vehumet
Wu Jian
Xom
Yredelemnul
Zin
The Shining One
Beogh
Jiyva

Shops:
D:4 ==(*   D:5 (   D:6 (   Orc:1 =   Orc:2 !=[?   Elf:1 (   Vaults:2 !
Vaults:4 [*   Depths:1 ==:   Depths:2 !!   Depths:3 *=

Portals:
Hell: Depths:1 Depths:2 Depths:3 Depths:4
Abyss: Depths:3
Pandemonium: Depths:2
Ziggurat: Depths:1

Annotations:
Swamp:2 2 transporters, Eboth's ghost, adept GnFi
Slime:2 exclusion: upstairs
Slime:3 exclusion: upstairs
Slime:4 exclusion: 2 upstairs
Elf:2 3 runed translucent doors
Vaults:2 36 runed translucent doors
Geh:7 Asmodeus


Innate Abilities, Weirdness & Mutations

You are an undying horror.
Your melee and unarmed attacks drain, slow and weaken victims.
You are immune to unholy pain and torment.
You cannot drink.
You are immune to poison.
You are too large for most types of armour.
You have a pair of small horns on your head.
You have tough skin. (AC +1)
You gain doubled healing and magic from potions.
Whenever you drink a healing potion, you attack all around you.
You are partially covered in large bone plates. (SH +4)
Your mind is acute. (Int +4, Str/Dex -1)
You are strong-willed. (Will+)
You occasionally shout uncontrollably at your foes.
You are weak. (Str -2)


Message History

Aiming: Lehudib's Crystal Spear (mildly dangerous; 7% risk of failure)
Press: ? - help, Shift-Dir - straight line, f - fire giant
Aim: a fire giant, wielding a +0 great sword of flaming (asleep, 100% to hit)
The crystal spear hits the fire giant!!!!
You kill the fire giant!
Vehumet accepts your kill.
You feel your power returning.
The hell hog squeals angrily. x2; You hear an angry squeal.
A hell hog comes into view.
You yell at the hell hog!
A hell hog comes into view.
You hear a shout!
The hell hog squeals angrily.
Casting: Lehudib's Crystal Spear (mildly dangerous; 7% risk of failure)
Confirm with . or Enter, or press ? or * to list all spells.
You summon a servant imbued with your destructive magic!
The hell hog breathes fire at you.
The fireball explodes!
The fireball engulfs you. You resist.
The fireball engulfs your spellforged servitor.
Your spellforged servitor resists.
You hear a shout!
You hear a trumpeting!
The hell hog breathes fire at you.
The fireball explodes!
The fireball engulfs you. You resist.
The fireball engulfs the salamander tyrant.
The salamander tyrant completely resists.
The fireball engulfs your spellforged servitor.
Your spellforged servitor resists.
The hell hog breathes fire at you.
The fireball explodes!
The fireball engulfs the salamander tyrant.
The salamander tyrant completely resists.
The fireball engulfs you. You resist.
The fireball engulfs your spellforged servitor.
Your spellforged servitor resists.
The hell hog breathes fire at you.
The fireball explodes!
The fireball engulfs the salamander tyrant.
The salamander tyrant completely resists.
The fireball engulfs the hell hog.
The hell hog completely resists.
The fireball engulfs you. You resist.
The fireball engulfs your spellforged servitor!
Your spellforged servitor resists.
You block the salamander tyrant's attack.
You hear a trumpeting!
You block the salamander tyrant's attack.
Your spellforged servitor casts a spell at the hell hog.
The crystal spear hits the hell hog!!!
You block the hell hog's attack.
You block the salamander tyrant's attack.
You block the hell hog's attack.
The hell hog breathes fire at your spellforged servitor.
The fireball explodes!
The fireball engulfs your spellforged servitor.
Your spellforged servitor resists.
The fireball engulfs the salamander tyrant.
The salamander tyrant completely resists.
The fireball engulfs you. You resist. You block the hell hog's attack.
A hellephant comes into view.
You yell at the hellephant!
The salamander tyrant gazes fiercely through your spellforged servitor!
Your spellforged servitor looks weaker.
The salamander tyrant hits your spellforged servitor.
Your spellforged servitor is engulfed in flames.
Your spellforged servitor resists.
Casting: Spellforged Servitor (mildly dangerous; 1% risk of failure)
Confirm with . or Enter, or press ? or * to list all spells.
Aiming: Lehudib's Crystal Spear (mildly dangerous; 7% risk of failure)
Press: ? - help, Shift-Dir - straight line, f - salamander tyrant
Aim: a salamander tyrant (not watching you, 89% to hit)
The crystal spear hits the salamander tyrant!!!!
You kill the salamander tyrant!
Vehumet accepts your kill.
You feel your power returning. The hell hog breathes fire at you.
The fireball explodes!
The fireball engulfs you. You resist.
The fireball engulfs the hell hog.
The hell hog completely resists.
The fireball engulfs the hell hog.
The hell hog completely resists.
The fireball engulfs the hell hog.
The hell hog completely resists.
The fireball engulfs your spellforged servitor.
Your spellforged servitor resists.
You block the hell hog's attack. x2
Casting: Lehudib's Crystal Spear (mildly dangerous; 7% risk of failure)
Confirm with . or Enter, or press ? or * to list all spells.
Aiming: Lehudib's Crystal Spear (mildly dangerous; 7% risk of failure)
Press: ? - help, Shift-Dir - straight line, f - hell hog
Aim: a hell hog (84% to hit)
The crystal spear hits the hell hog!!!
You kill the hell hog!
Vehumet accepts your kill. You block the hell hog's attack.
The hell hog breathes fire at your spellforged servitor.
The fireball explodes!
The fireball engulfs your spellforged servitor.
Your spellforged servitor resists.
The fireball engulfs the hell hog.
The hell hog completely resists.
The fireball engulfs the hell hog.
The hell hog completely resists.
The fireball engulfs you. You resist. You block the hell hog's attack.
The hell hog bites your spellforged servitor.
You block the hell hog's attack.
The hell hog bites you but does no damage.
You hear a shout!
Casting: Lehudib's Crystal Spear (mildly dangerous; 7% risk of failure)
Confirm with . or Enter, or press ? or * to list all spells.
Aiming: Lehudib's Crystal Spear (mildly dangerous; 7% risk of failure)
Press: ? - help, Shift-Dir - straight line, f - hell hog
Aim: a hell hog (catching its breath, 84% to hit)
The crystal spear misses the hell hog.
You radiate an aura of cold.
Your spellforged servitor is unaffected.
The hell hog seems to slow down. x3; The hellephant resists.
Your spellforged servitor casts a spell at the hell hog.
The crystal spear hits the hell hog!!!
The hell hog dies!
Vehumet accepts your kill. You block the hell hog's attack.
The hell hog breathes fire at you.
The fireball explodes!
The fireball engulfs you. You resist.
The fireball engulfs the hell hog.
The hell hog completely resists.
The fireball engulfs the hell hog.
The hell hog completely resists.
The fireball engulfs your spellforged servitor.
Your spellforged servitor resists.
You feel your intelligence returning.
Casting: Lehudib's Crystal Spear (mildly dangerous; 7% risk of failure)
Confirm with . or Enter, or press ? or * to list all spells.
Aiming: Lehudib's Crystal Spear (mildly dangerous; 7% risk of failure)
Press: ? - help, Shift-Dir - straight line, f/p - hell hog
Aim: a hell hog (slow, 85% to hit)
The crystal spear hits the hell hog!!!
You kill the hell hog!
Vehumet accepts your kill.
You feel your power returning.
A balrug comes into view. It is wielding a +0 demon whip. x2
You block the hell hog's attack.
Casting: Lehudib's Crystal Spear (mildly dangerous; 7% risk of failure)
Confirm with . or Enter, or press ? or * to list all spells.
Aiming: Lehudib's Crystal Spear (mildly dangerous; 7% risk of failure)
Press: ? - help, Shift-Dir - straight line, f - hellephant
Aim: a hellephant (83% to hit)
The crystal spear misses the hellephant.
The hellephant blinks!
You radiate an aura of cold.
The balrug seems to slow down.
Your spellforged servitor is unaffected.
The hell hog seems to slow down.
The balrug seems to slow down.
The hellephant resists.
You block the hell hog's attack.
Your spellforged servitor casts a spell at the hell hog.
The crystal spear hits the hell hog!!
The hellephant blinks!
The balrug gestures at you.
The fireball explodes!
The fireball engulfs you. You resist.
The fireball engulfs the hell hog.
The hell hog completely resists.
The fireball engulfs your spellforged servitor.
Your spellforged servitor resists.
The balrug gestures at you. Something smites you!
You block the hell hog's attack. The hell hog breathes fire at you.
The fireball explodes!
The fireball engulfs you. You resist.
The fireball engulfs the hell hog.
The hell hog completely resists.
The fireball engulfs your spellforged servitor.
Your spellforged servitor resists.
The balrug gestures at you.
The fireball explodes!
The fireball engulfs you. You resist.
The fireball engulfs the hell hog.
The hell hog completely resists.
The fireball engulfs your spellforged servitor.
Your spellforged servitor resists.
The balrug gestures at you. The bolt of fire hits you. You resist.
The hellephant blinks!
The balrug is no longer moving slowly.
You block the hell hog's attack.
The balrug is no longer moving slowly.
Your spellforged servitor gestures at the balrug while chanting.
The crystal spear misses the hell hog.
The hell hog barely misses you. The balrug gestures at you.
The fireball explodes!
The fireball engulfs you. You resist.
The fireball engulfs the hell hog.
The hell hog completely resists.
The fireball engulfs your spellforged servitor!
Your spellforged servitor resists.
The balrug gestures at you. The pyre arrow hits you.
You are covered in intense liquid fire!
The hell hog bites your spellforged servitor.
The liquid fire burns you! The balrug gestures at you.
The fireball explodes!
The fireball engulfs you. You resist.
The fireball engulfs the hell hog.
The hell hog completely resists.
The fireball engulfs your spellforged servitor.
Your spellforged servitor resists.
You block the hell hog's attack.
The hellephant blinks!
Casting: Lehudib's Crystal Spear (mildly dangerous; 7% risk of failure)
Confirm with . or Enter, or press ? or * to list all spells.
Aiming: Lehudib's Crystal Spear (mildly dangerous; 7% risk of failure)
Press: ? - help, Shift-Dir - straight line, f - balrug
Aim: a balrug, wielding a +0 demon whip (79% to hit)
The crystal spear hits the balrug!!!
The balrug is almost dead.
* * * LOW MAGIC WARNING * * *
You radiate an aura of cold.
The balrug seems to slow down. x2
Your spellforged servitor is unaffected.
The hell hog seems to slow down.
The liquid fire burns you!
Your spellforged servitor points at the balrug and mumbles some strange words.
The crystal spear hits the hell hog!!!
The balrug gestures at you.
The bolt of fire misses the balrug.
The bolt of fire hits you! You resist.
The hell hog bites your spellforged servitor.
Casting: Lehudib's Crystal Spear (mildly dangerous; 7% risk of failure)
Confirm with . or Enter, or press ? or * to list all spells.
Aiming: Lehudib's Crystal Spear (mildly dangerous; 7% risk of failure)
Press: ? - help, Shift-Dir - straight line, f/p - balrug
Aim: a balrug, wielding a +0 demon whip (almost dead, slow, 79% to hit)
The crystal spear misses the balrug.
The crystal spear hits the balrug!!!!
You kill the balrug!
Vehumet accepts your kill.
You feel your power returning.
* * * LOW MAGIC WARNING * * *
You radiate an aura of cold.
The balrug resists.
Your spellforged servitor is unaffected.
The hell hog seems to slow down.
The liquid fire burns you!
The hell hog bites your spellforged servitor but does no damage.
Your spellforged servitor points at the balrug and mumbles some strange words.
The crystal spear hits the balrug!!!
The balrug dies!
Vehumet accepts your kill.
You radiate an aura of cold.
Your spellforged servitor is unaffected.
The hell hog seems to slow down.
The hellephant resists.
The liquid fire burns you!
The hellephant blinks!
The liquid fire burns you!
The hell hog bites your spellforged servitor.
Your spellforged servitor casts a spell at the hell hog.
The crystal spear hits the hell hog!!!
The hell hog dies!
Vehumet accepts your kill. The liquid fire burns you!
The hellephant blinks!
The liquid fire burns you!
Your spellforged servitor disappears in a puff of smoke!
The liquid fire burns you!
Casting: Lehudib's Crystal Spear (mildly dangerous; 7% risk of failure)
Confirm with . or Enter, or press ? or * to list all spells.
You summon a servant imbued with your destructive magic!
* * * LOW MAGIC WARNING * * *
The liquid fire burns you! What are your orders? t - Yell!
Orders for allies: a - Attack new target. r - Retreat! s - Stop attacking. g - Guard the area. f - Follow me.
Anything else - Cancel.
Gang up on whom?
Press: ? - help, Dir - move target, f - hellephant
Aim: a hellephant (ally target) Attack!
The liquid fire burns you! The liquid fire burns you!
Your spellforged servitor gestures at the hellephant while chanting.
The crystal spear hits the hellephant!
The liquid fire burns you!
The hellephant blinks!
The liquid fire burns you! The liquid fire burns you!
Your spellforged servitor gestures at the hellephant while chanting.
The crystal spear hits the hellephant!!!
The liquid fire burns you! The liquid fire burns you!
The liquid fire burns you!
Your spellforged servitor points at the hellephant and mumbles some strange words.
The crystal spear hits the hellephant!!!
The hellephant breathes flames at your spellforged servitor.
The blast of flame misses your spellforged servitor.
Your spellforged servitor points at the hellephant and mumbles some strange words.
The crystal spear misses the hellephant.
The hellephant tramples your spellforged servitor!
Your spellforged servitor is shoved backwards!
Your spellforged servitor casts a spell at the hellephant.
The crystal spear hits the hellephant!!!
The hellephant blinks!
You start resting.
A hellephant is nearby!
Your spellforged servitor gestures at the hellephant while chanting.
The crystal spear hits the hellephant!!!
The hellephant dies!
Vehumet accepts your kill.
You start resting.
Your spellforged servitor disappears in a puff of smoke!
Magic restored.
Things that are here:
a +0 demon whip; a salamander corpse You see here a +0 demon whip.
HP restored.
You open the door.
A tormentor comes into view.
You close the door.
You open the door. You open the door.
Found a stone staircase leading down.
There is an open door here.
There is a stone staircase leading down here.
You climb downwards. "Die, mortal!"
Your body decomposes!
You feel clumsy.
Found a stone staircase leading down.
There is a gateway leading out of Gehenna here.
There is a stone staircase leading down here.
You climb downwards.
You hear a dreadful howling, growing closer and closer...
HP restored.
You feel drained.
You radiate an aura of cold.
The searing wretch is unaffected.
The hell hog seems to slow down.
The searing wretch is unaffected. x2
You hear a shout! x4
Found three gateways leading out of Gehenna.
There is a gateway leading out of Gehenna here.
Casting: Spellforged Servitor (mildly dangerous; 1% risk of failure)
Confirm with . or Enter, or press ? or * to list all spells.
Aiming: Lehudib's Crystal Spear (dangerous; 7% risk of failure)
Press: ? - help, Shift-Dir - straight line, f - searing wretch
Aim: a searing wretch (87% to hit)
The crystal spear hits the searing wretch!!!
The searing wretch is moderately damaged.
A fire giant comes into view.
It is wielding a +2 great sword of flaming.
A fire giant comes into view.
It is wielding a +1 great sword of flaming.
A fire giant comes into view.
It is wielding a +2 great sword of flaming.
The hell hog breathes fire at you.
The fireball explodes!
The fireball engulfs you. You resist.
Casting: Lehudib's Crystal Spear (dangerous; 7% risk of failure)
Confirm with . or Enter, or press ? or * to list all spells.
You summon a servant imbued with your destructive magic!
You radiate an aura of cold.
The searing wretch is unaffected.
Your spellforged servitor is unaffected.
The hell hog seems to slow down.
The fire giant resists. x2
The searing wretch is unaffected. x2; The fire giant seems to slow down.
Casting: Spellforged Servitor (mildly dangerous; 1% risk of failure)
Confirm with . or Enter, or press ? or * to list all spells.
Aiming: Lehudib's Crystal Spear (dangerous; 7% risk of failure)
Press: ? - help, Shift-Dir - straight line, f/p - searing wretch
Aim: a searing wretch (moderately damaged, 87% to hit)
The crystal spear hits the searing wretch!!!!
The searing wretch is almost destroyed.
The fire giant is no longer moving slowly.
You block the searing wretch's attack. x2
A fire giant comes into view.
It is wielding a +1 great sword of flaming.
Your spellforged servitor points at the hell hog and mumbles some strange words.
The crystal spear hits the hell hog!!!
Casting: Lehudib's Crystal Spear (dangerous; 7% risk of failure)
Confirm with . or Enter, or press ? or * to list all spells.
Aiming: Lehudib's Crystal Spear (dangerous; 7% risk of failure)
Press: ? - help, Shift-Dir - straight line, f/p - searing wretch
Aim: a searing wretch (almost destroyed, 87% to hit)
The crystal spear hits the searing wretch!!!
You destroy the searing wretch!
Vehumet accepts your kill.
You feel your power returning. The fire giant casts a spell at you.
The bolt of fire hits you! You resist.
The hell hog breathes fire at your spellforged servitor.
The fireball explodes!
The fireball engulfs your spellforged servitor!
Your spellforged servitor resists.
The fireball engulfs the hell hog.
The hell hog completely resists.
The fire giant casts a spell at you.
The bolt of fire hits the hell hog.
The hell hog completely resists.
The bolt of fire hits you. You resist.
You feel your intelligence returning.
Casting: Lehudib's Crystal Spear (dangerous; 6% risk of failure)
Confirm with . or Enter, or press ? or * to list all spells.
Aiming: Lehudib's Crystal Spear (dangerous; 6% risk of failure)
Press: ? - help, Shift-Dir - straight line, f - searing wretch
Aim: a searing wretch (87% to hit)
The crystal spear hits the searing wretch!!!
The searing wretch is heavily damaged.
The fire giant points at you and mumbles some strange words.
The bolt of fire hits you. You resist.
The bolt of fire hits the searing wretch.
The searing wretch completely resists.
Your spellforged servitor gestures at the hell hog while chanting.
The crystal spear hits the hell hog!!!
The hell hog dies!
Vehumet accepts your kill.
The fire giant points at you and mumbles some strange words.
The bolt of fire hits you. You resist.
The bolt of fire hits your spellforged servitor.
Your spellforged servitor resists.
You block the searing wretch's attack. The searing wretch bites you!!
Casting: Lehudib's Crystal Spear (dangerous; 6% risk of failure)
Confirm with . or Enter, or press ? or * to list all spells.
Aiming: Lehudib's Crystal Spear (dangerous; 6% risk of failure)
Press: ? - help, Shift-Dir - straight line, f/p - searing wretch
Aim: a searing wretch (heavily damaged, not watching you, 87% to hit)
The crystal spear hits the searing wretch!!!
You destroy the searing wretch!
Vehumet accepts your kill.
You feel your power returning.
The fire giant points at you and mumbles some strange words.
The bolt of fire hits you. You resist.
The fire giant points at you and mumbles some strange words.
The fireball explodes!
The fireball engulfs you. You resist.
The fireball engulfs the searing wretch.
The searing wretch completely resists.
You block the searing wretch's attack. x2
Casting: Lehudib's Crystal Spear (dangerous; 6% risk of failure)
Confirm with . or Enter, or press ? or * to list all spells.
Aiming: Lehudib's Crystal Spear (dangerous; 6% risk of failure)
Press: ? - help, Shift-Dir - straight line, f - searing wretch
Aim: a searing wretch (87% to hit)
The crystal spear hits the searing wretch!!!
The searing wretch is moderately damaged.
* * * LOW MAGIC WARNING * * *
The fire giant points at you and mumbles some strange words.
The bolt of fire hits you. You resist.
You block the searing wretch's attack. x2
Casting: Lehudib's Crystal Spear (dangerous; 6% risk of failure)
Confirm with . or Enter, or press ? or * to list all spells.
Aiming: Lehudib's Crystal Spear (dangerous; 6% risk of failure)
Press: ? - help, Shift-Dir - straight line, f/p - searing wretch
Aim: a searing wretch (moderately damaged, 87% to hit)
The crystal spear misses the searing wretch.
* * * LOW MAGIC WARNING * * *
The fire giant points at you and mumbles some strange words.
The fireball explodes!
The fireball engulfs you. You resist.
The fireball engulfs the searing wretch.
The searing wretch completely resists.
The fireball engulfs your spellforged servitor!
Your spellforged servitor resists.
You block the searing wretch's attack. x2
The fire giant hits your spellforged servitor with a +1 great sword of flaming!
You block the searing wretch's attack. x2
You go up through the gate.
Welcome back to the Vestibule of Hell!
Your summoned ally is left behind.
You radiate an aura of cold.
The searing wretch is unaffected.
There is a gateway to the ashen valley of Gehenna here.
Why would you want to do that? You block the searing wretch's attack.
The searing wretch bites you.
The searing wretch attacks as it pursues you!
The searing wretch claws you!!!
You are engulfed in flames.
You resist.
* * * LOW HITPOINT WARNING * * *
The searing wretch bites you but does no damage.
Casting: Lehudib's Crystal Spear (dangerous; 6% risk of failure)
Confirm with . or Enter, or press ? or * to list all spells.
You summon a servant imbued with your destructive magic!
* * * LOW MAGIC WARNING * * *
You block the searing wretch's attack.
The searing wretch completely misses you.
Your spellforged servitor gestures at the searing wretch while chanting.
The crystal spear hits the searing wretch!!!
Your spellforged servitor points at the searing wretch and mumbles some strange words.
The crystal spear hits the searing wretch!!
The searing wretch claws your spellforged servitor but does no damage.
The searing wretch bites your spellforged servitor!!
Your spellforged servitor's fire resistance is stripped away!
The searing wretch barely misses your spellforged servitor.
The searing wretch bites your spellforged servitor!
Your spellforged servitor points at the searing wretch and mumbles some strange words.
The crystal spear hits the searing wretch!!!
The searing wretch is destroyed!
Vehumet accepts your kill.
There is a gateway to the ashen valley of Gehenna here.
You start resting.
Your spellforged servitor disappears in a puff of smoke!
Magic restored.
You start resting.
HP restored.
You go down through the gate.
Welcome back to Gehenna!
This branch contains the obsidian rune of Zot.
Something moves in the shadows at the edge of your vision.
HP restored.
You feel drained.
There is a gateway leading out of Gehenna here.
The fire giant casts a spell at you. The bolt of fire hits you. You resist.
You block the fire giant's attack.
A balrug comes into view.
It is wielding a +0 demon whip of venom.
The fire giant casts a spell at you. The bolt of fire hits you! You resist.
You hear an angry squeal.
There is a stone staircase leading down here.
You hear an angry squeal.
The fire giant points at you and mumbles some strange words.
The fireball explodes!
The fireball engulfs you. You resist.
You hear an angry squeal.
You hear a shout!
You climb downwards.
You hear a scream, and then it ends suddenly with a sickening wet crunch.
There is a gateway leading out of Gehenna here.
HP restored.
There is a stone staircase leading down here.
You climb downwards.
You hear a dreadful howling, growing closer and closer...
Your body decomposes!
You feel clumsy.
You radiate an aura of cold.
The balrug seems to slow down.
The balrug gestures at you.
The fireball explodes!
The fireball engulfs you. You resist.
There is a gateway leading out of Gehenna here.
A balrug is nearby!
Casting: Spellforged Servitor (mildly dangerous; 1% risk of failure)
Confirm with . or Enter, or press ? or * to list all spells.
Aiming: Lehudib's Crystal Spear (dangerous; 6% risk of failure)
Press: ? - help, Shift-Dir - straight line, f - balrug
Aim: a balrug, wielding a +0 antimagic demon whip (slow, 79% to hit)
The crystal spear hits the balrug!!!
The balrug is almost dead.
You hit the balrug but do no damage.
You headbutt the balrug, but do no damage.
The balrug is almost dead.
You radiate an aura of cold.
The balrug resists.
The balrug gestures at you. Something smites you!
Casting: Lehudib's Crystal Spear (dangerous; 6% risk of failure)
Confirm with . or Enter, or press ? or * to list all spells.
Aiming: Lehudib's Crystal Spear (dangerous; 6% risk of failure)
Press: ? - help, Shift-Dir - straight line, f/p - balrug
Aim: a balrug, wielding a +0 antimagic demon whip (almost dead, slow, 79% to hit)
The crystal spear hits the balrug!!!!
You kill the balrug!
Vehumet accepts your kill.
You feel your power returning.
Things that are here:
a +0 antimagic demon whip; a +0 demon whip of pain
There is a stone staircase leading down here.
Magic restored.
You climb downwards.
You feel lost and a long, long way from home...
HP restored.
You feel drained.
There is a gateway leading out of Gehenna here.
There is a stone staircase leading down here.
You climb downwards. "You have come here to die, fool!"
Your body decomposes!
You feel clumsy.
There is a gateway leading out of Gehenna here.
You see here a hell hog skeleton.
There is an open door here.
There is a stone staircase leading down here.
You climb downwards. "We will enjoy watching you die!"
The stoker shouts!
There is a gateway leading out of Gehenna here.
There is a stone staircase leading down here.
You radiate an aura of cold.
The stoker resists.
You climb downwards.
Something moves in the shadows at the edge of your vision.
Your body decomposes!
You feel clumsy.
You radiate an aura of cold.
The fire giant seems to slow down. x2
There is a gateway leading out of Gehenna here.
Casting: Lehudib's Crystal Spear (dangerous; 6% risk of failure)
Confirm with . or Enter, or press ? or * to list all spells.
You summon a servant imbued with your destructive magic!
The fire giant is no longer moving slowly.
The fire giant casts a spell at you. The bolt of fire hits you. You resist.
The fire giant is no longer moving slowly.
The fire giant points at you and mumbles some strange words.
The fireball explodes!
The fireball engulfs you. You resist.
Your spellforged servitor points at the fire giant and mumbles some strange words.
The crystal spear hits the fire giant!!!
The fire giant points at you and mumbles some strange words.
The bolt of fire hits you! You resist. The fire giant casts a spell at you.
The bolt of fire hits you. You resist.
The fire giant gestures at you while chanting.
The bolt of fire hits you! You resist.
The fire giant points at you and mumbles some strange words.
The fireball explodes!
The fireball engulfs you. You resist. You block the fire giant's attack.
Casting: Spellforged Servitor (mildly dangerous; 1% risk of failure)
Confirm with . or Enter, or press ? or * to list all spells.
Aiming: Lehudib's Crystal Spear (dangerous; 6% risk of failure)
Press: ? - help, Shift-Dir - straight line, f - fire giant
Aim: a fire giant, wielding a +2 great sword of flaming (96% to hit)
The crystal spear hits the fire giant!!!
The fire giant is almost dead.
The fire giant gestures at you while chanting.
The bolt of fire hits you! You resist.
The bolt of fire hits the fire giant.
The fire giant resists.
The fire giant casts a spell at you.
The fireball explodes!
The fireball engulfs you. You resist.
The fireball engulfs the fire giant.
The fire giant resists.
The fireball engulfs the fire giant!
The fire giant resists.
Your spellforged servitor gestures at the fire giant while chanting.
The crystal spear hits the fire giant!!
You hit the fire giant.
The fire giant decays.
Your headbutt misses the fire giant.
The fire giant is almost dead.
You radiate an aura of cold.
The fire giant seems to slow down. x4
Your spellforged servitor is unaffected.
The fire giant hits your spellforged servitor with a +1 great sword of flaming!
The fire giant burns your spellforged servitor.
Your spellforged servitor points at the fire giant and mumbles some strange words.
The crystal spear hits the fire giant!!!
The fire giant dies!
Vehumet accepts your kill.
You feel your intelligence returning.
Casting: Lehudib's Crystal Spear (dangerous; 5% risk of failure)
Confirm with . or Enter, or press ? or * to list all spells.
Aiming: Lehudib's Crystal Spear (dangerous; 5% risk of failure)
Press: ? - help, Shift-Dir - straight line, f - fire giant, p - fire giant
Aim: a fire giant, wielding a +2 great sword of flaming (slow, 96% to hit)
The crystal spear hits the fire giant!!!!
You kill the fire giant!
Vehumet accepts your kill.
You feel your power returning. The fire giant casts a spell at you.
The bolt of fire hits the fire giant.
The fire giant resists.
The bolt of fire hits you. You resist.
You hit the fire giant but do no damage.
You headbutt the fire giant.
The fire giant is lightly wounded.
You radiate an aura of cold.
The fire giant resists.
The fire giant seems to slow down.
Your spellforged servitor is unaffected.
The fire giant is no longer moving slowly.
The fire giant is no longer weakened.
The fire giant seems less drained.
Your spellforged servitor gestures at the fire giant while chanting.
The crystal spear hits the fire giant!!!
The fire giant dies!
Vehumet accepts your kill. The fire giant casts a spell at you.
The fireball explodes!
The fireball engulfs you! You resist.
The fireball engulfs the fire giant!
The fire giant resists.
You puncture the fire giant!
The fire giant decays.
The fire giant is moderately wounded.
You radiate an aura of cold.
The fire giant seems to slow down.
Your spellforged servitor is unaffected.
Your spellforged servitor gestures at the fire giant while chanting.
The crystal spear hits the fire giant!!!
The fire giant casts a spell at your spellforged servitor.
The fireball explodes!
The fireball engulfs your spellforged servitor.
Your spellforged servitor resists.
The fire giant points at your spellforged servitor and mumbles some strange words.
The fireball explodes!
The fireball engulfs your spellforged servitor.
Your spellforged servitor resists.
You barely miss the fire giant.
The fire giant is almost dead.
Your spellforged servitor points at the fire giant and mumbles some strange words.
The crystal spear hits the fire giant!!
The fire giant dies!
Vehumet accepts your kill.
You start resting.
Magic restored.
You start resting.
Your spellforged servitor disappears in a puff of smoke!
HP restored.
You cannot see clearly; the smoke and ash is too thick!
You cannot see clearly; the smoke and ash is too thick!
You cannot see clearly; the smoke and ash is too thick!
You open the door.
A salamander tyrant comes into view.
Casting: Lehudib's Crystal Spear (dangerous; 5% risk of failure)
Confirm with . or Enter, or press ? or * to list all spells.
You summon a servant imbued with your destructive magic!
You block the salamander tyrant's attack.
You closely miss the salamander tyrant.
You headbutt the salamander tyrant, but do no damage.
The salamander tyrant gazes fiercely through you!
You feel your attacks grow feeble.
You block the salamander tyrant's attack.
Your spellforged servitor points at the salamander tyrant and mumbles some strange words.
The crystal spear hits the salamander tyrant!!!!
The salamander tyrant dies!
Vehumet accepts your kill.
You feel your dexterity returning.
There is an open door here.
Magic restored.
You open the door.
A balrug comes into view.
It is wielding a +2 vampiric demon whip.
There is an open door here.
The balrug shouts!
You block the balrug's attack.
You hit the balrug.
The balrug decays.
You headbutt the balrug, but do no damage.
The balrug is lightly wounded.
You radiate an aura of cold.
The balrug seems to slow down.
Your spellforged servitor is unaffected.
The balrug gestures at you. The bolt of fire misses you.
You barely miss the balrug.
You headbutt the balrug, but do no damage.
The balrug is lightly wounded.
The balrug gestures at you.
The fireball explodes!
The fireball engulfs you! You resist.
The fireball engulfs your spellforged servitor!
Your spellforged servitor resists.
The fireball engulfs the balrug.
The balrug completely resists.
Your spellforged servitor points at the balrug and mumbles some strange words.
The crystal spear hits the balrug!!!
You hit the balrug.
You kill the balrug!
Vehumet accepts your kill.
Your spellforged servitor disappears in a puff of smoke!
Casting: Spellforged Servitor (mildly dangerous; 1% risk of failure)
Confirm with . or Enter, or press ? or * to list all spells.
You summon a servant imbued with your destructive magic!
You open the door.
A searing wretch comes into view.
You radiate an aura of cold.
Your spellforged servitor is unaffected.
The searing wretch is unaffected.
Your attacks no longer feel as feeble.
Casting: Spellforged Servitor (mildly dangerous; 1% risk of failure)
Confirm with . or Enter, or press ? or * to list all spells.
Aiming: Lehudib's Crystal Spear (dangerous; 5% risk of failure)
Press: ? - help, Shift-Dir - straight line, f - searing wretch
Aim: a searing wretch (dormant, ally target, 100% to hit)
The crystal spear hits the searing wretch!!!
The searing wretch is moderately damaged.
Your spellforged servitor points at the searing wretch and mumbles some strange words.
The crystal spear hits the searing wretch!!!
The searing wretch claws your spellforged servitor!
Your spellforged servitor is engulfed in flames.
Your spellforged servitor resists.
The searing wretch bites your spellforged servitor!
Your spellforged servitor's fire resistance is stripped away!
Your spellforged servitor points at the searing wretch and mumbles some strange words.
The crystal spear hits the searing wretch!!!
The searing wretch claws your spellforged servitor.
Your spellforged servitor is engulfed in flames!
Your spellforged servitor resists.
The searing wretch bites your spellforged servitor but does no damage.
The searing wretch claws your spellforged servitor!
Your spellforged servitor is engulfed in flames!
Your spellforged servitor resists.
The searing wretch bites your spellforged servitor!
Your spellforged servitor points at the searing wretch and mumbles some strange words.
The crystal spear hits the searing wretch!!!
The searing wretch is destroyed!
Vehumet accepts your kill.
There is an open door here.
You open the door.
A balrug comes into view.
It is wielding a +1 demon whip of venom.
There is an open door here.
You radiate an aura of cold.
Your spellforged servitor is unaffected.
The balrug resists.
You radiate an aura of cold.
Your spellforged servitor is unaffected.
The balrug seems to slow down.
Casting: Lehudib's Crystal Spear (dangerous; 5% risk of failure)
Confirm with . or Enter, or press ? or * to list all spells.
Aiming: Lehudib's Crystal Spear (dangerous; 5% risk of failure)
Press: ? - help, Shift-Dir - straight line, f - balrug
Aim: a balrug, wielding a +1 demon whip of venom (slow, ally target, 79% to hit)
The crystal spear hits the balrug!!!!
You kill the balrug!
Vehumet accepts your kill.
You feel your power returning.
You see here a +1 demon whip of venom.
You open the door.
Your spellforged servitor disappears in a puff of smoke!
There is an open door here.
You open the door.
A hell hog comes into view.
You yell at the hell hog!
A malevolent force fills Gehenna... and a teleportation trap spontaneously manifests!
You are yanked towards some nearby monsters!
Your surroundings suddenly seem different.
A Brimstone Fiend, Asmodeus, a searing wretch and 3 hell hogs come into view.
Asmodeus is wielding the +13 sceptre of Asmodeus.
Found five items.
The hell hog moves out of view.
Okay, then.
Unknown command.
Press: ? - help, v - describe, . - travel
Here: Asmodeus, wielding the +13 sceptre of Asmodeus (surrounded by flames, asleep) Ashen ground.
Casting: Lehudib's Crystal Spear (dangerous; 5% risk of failure)
Confirm with . or Enter, or press ? or * to list all spells.
Okay, then.
Casting: Lehudib's Crystal Spear (dangerous; 5% risk of failure)
Confirm with . or Enter, or press ? or * to list all spells.
Aiming: Lehudib's Crystal Spear (dangerous; 5% risk of failure)
Press: ? - help, Shift-Dir - straight line, f - hell hog
Aim: a hell hog (wandering, hasn't noticed you, 85% to hit)
Okay, then.
Casting: Lehudib's Crystal Spear (dangerous; 5% risk of failure)
Confirm with . or Enter, or press ? or * to list all spells.
Aiming: Passage of Golubria (safe; 1% risk of failure)
Press: ? - help, Dir - move target
Okay, then.
Casting: Passage of Golubria (safe; 1% risk of failure)
Confirm with . or Enter, or press ? or * to list all spells.
Okay, then.
Press: ? - help, v - describe, . - travel
Here: a Brimstone Fiend (asleep) Ashen ground.
Unknown command.
Unknown command.
Unknown command.
Unknown command.
Casting: Passage of Golubria (safe; 1% risk of failure)
Confirm with . or Enter, or press ? or * to list all spells.
Aiming: Fire Storm (dangerous; 7% risk of failure)
Press: ? - help, Dir - move target A raging storm of fire appears!
The great blast of fire engulfs the Brimstone Fiend!!
The Brimstone Fiend partially resists.
The Brimstone Fiend is moderately wounded.
The Brimstone Fiend roars!
The great blast of fire engulfs Asmodeus!
Asmodeus partially resists.
Asmodeus is lightly wounded.
The hell hog squeals angrily. x2; You hear an angry squeal.
The hell hog breathes fire at you.
The fireball explodes!
The fireball engulfs you! You resist.
A searing wretch comes into view.
Asmodeus hits your fire vortex with the +13 sceptre of Asmodeus!!!
Your fire vortex dissipates!
A hell hog comes into view.
The hell hog breathes fire at you.
The fireball explodes!
The fireball engulfs you! You resist.
Casting: Fire Storm (dangerous; 7% risk of failure)
Confirm with . or Enter, or press ? or * to list all spells.
Aiming: Fire Storm (dangerous; 7% risk of failure)
Press: ? - help, Dir - move target, f - Brimstone Fiend
Aim: a Brimstone Fiend (moderately wounded)
A raging storm of fire appears!
The great blast of fire engulfs the Brimstone Fiend!!
The Brimstone Fiend partially resists.
The Brimstone Fiend is severely wounded.
The great blast of fire engulfs Asmodeus!!!
Asmodeus partially resists.
Asmodeus is lightly wounded.
Asmodeus gestures.
Your fire vortex hits the Brimstone Fiend.
Your fire vortex dissipates!
Your fire vortex hits Asmodeus.
Your fire vortex dissipates!
Casting: Fire Storm (dangerous; 7% risk of failure)
Confirm with . or Enter, or press ? or * to list all spells.
Aiming: Passage of Golubria (safe; 1% risk of failure)
Press: ? - help, Dir - move target, p - Brimstone Fiend Your fire vortex hits the Brimstone Fiend.
Your fire vortex dissipates!
Your fire vortex hits Asmodeus.
Your fire vortex dissipates!
The hell hog breathes fire at you.
The fireball explodes!
The fireball engulfs you. You resist. The fireball engulfs your fire vortex.
Your fire vortex completely resists.
The Brimstone Fiend hits your fire vortex!
The Brimstone Fiend hits your fire vortex.
The Brimstone Fiend hits your fire vortex!
Your fire vortex hits the Brimstone Fiend.
Your fire vortex dissipates!
The balrug enters the passage of Golubria.
The Brimstone Fiend hits your fire vortex! x3
Your fire vortex dissipates!
Casting: Passage of Golubria (safe; 1% risk of failure)
Confirm with . or Enter, or press ? or * to list all spells.
Aiming: Passage of Golubria (safe; 1% risk of failure)
Press: ? - help, Dir - move target Asmodeus gestures at you.
The bolt of fire misses the Brimstone Fiend.
The bolt of fire hits your fire vortex.
Your fire vortex completely resists.
The bolt of fire hits you! You resist.
The bolt of fire hits the hell hog.
The hell hog completely resists.
The bolt of fire hits the hell hog.
The hell hog completely resists.
The balrug hits something with a +0 demon whip!!
Something is engulfed in flames.
You block the hell hog's attack.
The Brimstone Fiend hits something.
The Brimstone Fiend hits something!
You enter the passage of Golubria.
The hell hog breathes fire at you.
The fireball explodes!
The fireball engulfs your fire vortex.
Your fire vortex completely resists.
The fireball engulfs you. You resist.
The fireball engulfs the Brimstone Fiend.
The Brimstone Fiend completely resists.
The fireball engulfs the balrug.
The balrug completely resists.
You block Asmodeus's attack.
The Brimstone Fiend hits your fire vortex.
The Brimstone Fiend hits your fire vortex! x2
The balrug gestures at you. Something smites you!
Your fire vortex hits the balrug.
Your fire vortex dissipates!
There is a passage of Golubria here.
Casting: Passage of Golubria (safe; 1% risk of failure)
Confirm with . or Enter, or press ? or * to list all spells.
Aiming: Passage of Golubria (safe; 1% risk of failure)
Press: ? - help, Dir - move target You are engulfed in blazing flames.
You resist.
Your fire vortex hits the balrug.
Your fire vortex dissipates!
You block the balrug's attack. You block Asmodeus's attack.
The Brimstone Fiend hits you!! You block the Brimstone Fiend's attack.
The Brimstone Fiend hits you but does no damage.
The Brimstone Fiend enters the passage of Golubria.
You enter the passage of Golubria.
Your fire vortex hits the Brimstone Fiend.
Your fire vortex dissipates!
The balrug gestures at you.
The fireball explodes!
The fireball engulfs you. You resist.
The fireball engulfs the balrug.
The balrug completely resists.
The fireball engulfs the Brimstone Fiend.
The Brimstone Fiend completely resists.
The fireball engulfs the hell hog.
The hell hog completely resists.
The Brimstone Fiend hits you!! You block the Brimstone Fiend's attack.
The Brimstone Fiend hits you but does no damage.
You block the hell hog's attack. You block the balrug's attack.
You enter the passage of Golubria.
A searing wretch comes into view.
You block the Brimstone Fiend's attack.
The Brimstone Fiend hits you but does no damage. x2
Casting: Passage of Golubria (safe; 1% risk of failure)
Confirm with . or Enter, or press ? or * to list all spells.
Aiming: Passage of Golubria (safe; 1% risk of failure)
Press: ? - help, Dir - move target You radiate an aura of cold.
The Brimstone Fiend resists.
The searing wretch is unaffected.
Asmodeus seems to slow down.
The balrug seems to slow down.
The Brimstone Fiend resists.
The hell hog seems to slow down. x2; The searing wretch closely misses you.
You block the searing wretch's attack.
A searing wretch comes into view.
You yell at the searing wretch!
You enter the passage of Golubria.
The searing wretch claws you but does no damage.
You block the searing wretch's attack.
You enter the passage of Golubria.
The searing wretch attacks as it pursues you!
The searing wretch claws you!!
* * * LOW HITPOINT WARNING * * *
You are engulfed in flames!
You resist.
* * * LOW HITPOINT WARNING * * *
The searing wretch bites you!!
* * * LOW HITPOINT WARNING * * *
Casting: Passage of Golubria (safe; 1% risk of failure)
Confirm with . or Enter, or press ? or * to list all spells.
Aiming: Passage of Golubria (safe; 1% risk of failure)
Press: ? - help, Dir - move target You block the searing wretch's attack. x2
The searing wretch attacks as it pursues you!
You block the searing wretch's attack. x2
The searing wretch enters the passage of Golubria.
You open the door.
Casting: Passage of Golubria (safe; 1% risk of failure)
Confirm with . or Enter, or press ? or * to list all spells.
Aiming: Passage of Golubria (safe; 1% risk of failure)
Press: ? - help, Dir - move target The searing wretch claws you!!
* * * LOW HITPOINT WARNING * * *
With a swish of your cloak, you release a cloud of fog.
You are engulfed in flames.
You resist.
* * * LOW HITPOINT WARNING * * *
You block the searing wretch's attack.
You hear a shout!
You hear a shout!
You block the searing wretch's attack. x2
You enter the passage of Golubria.
The balrug shouts!
The balrug gestures at you. The bolt of fire misses you.
You block the Brimstone Fiend's attack.
The Brimstone Fiend hits you but does no damage.
You block the Brimstone Fiend's attack.
There is a passage of Golubria here.
You enter the passage of Golubria.
A stoker comes into view.
The stoker gestures wildly while chanting.
Okay, then.
Press: ? - help, v - describe, . - travel
Here: a searing wretch (black smoke)
An open door.
Aiming: Phantom Mirror
Press: ? - help, Dir - move target, f - searing wretch
Aim: a searing wretch (black smoke)
You reflect the searing wretch with the mirror!
The mirror clouds!
The searing wretch claws your searing wretch.
Your searing wretch is engulfed in flames.
Your searing wretch completely resists.
The searing wretch bites your searing wretch!
Your searing wretch claws the searing wretch!!
The searing wretch is engulfed in flames.
The searing wretch completely resists.
Your searing wretch closely misses the searing wretch.
The stoker mumbles some strange words.
Your searing wretch claws the searing wretch!
The searing wretch is engulfed in flames.
The searing wretch completely resists.
Your searing wretch bites the searing wretch!
The searing wretch's fire resistance is stripped away!
The searing wretch claws your searing wretch!!
Your searing wretch is engulfed in flames.
Your searing wretch completely resists.
The searing wretch bites your searing wretch!
Your searing wretch's fire resistance is stripped away!
A stoker comes into view.
The stoker touches you!
* * * LOW HITPOINT WARNING * * *
You are engulfed in flames.
You resist.
* * * LOW HITPOINT WARNING * * *
A raging storm of fire appears!
The creeping inferno disappears in a puff of smoke!
The creeping inferno explodes!
The great blast of fire engulfs you! You partially resist.
* * * LOW HITPOINT WARNING * * *
The great blast of fire engulfs the stoker!!
The stoker partially resists.
The great blast of fire engulfs the creeping inferno!!
The creeping inferno partially resists.
A raging storm of fire appears!
The creeping inferno disappears in a puff of smoke!
The great blast of fire engulfs your searing wretch!!
Your searing wretch partially resists.
The creeping inferno explodes!
The great blast of fire engulfs the stoker!
The stoker partially resists.
The great blast of fire engulfs you!! You partially resist.
You die...

§≈§≈≈≈ ≈ ≈§§
§§§§≈§§ ≈
≈≈§§§≈≈≈§§§
≈§§≈≈≈≈≈ ####
≈§≈≈≈≈########
#≈≈§§≈#......#
#§§§§##§§....#####
##§L##§§.##...#..h
+z○☼nnnn####..2.n○
##○☼##§§1##...#...
#≈≈≈§##§..21.#####
#§§≈§§#.^....#
≈§§§§§§########
§≈≈≈§§≈§≈ ####
§≈≈≈≈§L≈≈§≈≈≈§≈
§≈≈≈≈ §§≈≈≈≈§≈≈
##### #########


You could see a searing wretch (combustible), a stoker and a friendly searing
wretch (summoned, combustible, drained).

Vanquished Creatures
  Antaeus (Coc:7)
  Dissolution (Slime:5)
  the Royal Jelly (Slime:5)
  the Serpent of Hell (Coc:7)
  9 dread liches
  Khufu (Crypt:1)
  Frederick (Crypt:2)
  6 ancient liches
  Mennas (Vaults:5)
  4 orbs of fire
  2 juggernauts
  A royal mummy (Crypt:1)
  Boris (Crypt:3)
  16 shard shrikes
  3 Killer Klowns
  Nikola (Vaults:1)
  9 golden dragons
  Norris (Depths:2)
  Geryon (Hell)
  An electric golem (Zot:5)
  3 hellephants (Geh:3)
  Jorgrun (D:13)
  18 Ice Fiends
  11 tentacled monstrosities
  8 liches
  2 walking crystal tomes (Depths:3)
  Asterion (Depths:2)
  Mlioglotl (Swamp:3)
  2 deep elf master archers (Elf:3)
  2 deep elf blademasters (Elf:3)
  24 Orb Guardians (Zot:5)
  7 searing wretches
  8 titans
  12 quicksilver dragons
  13 acid blobs
  11 death cobs
  3 ancient champions
  2 thorn hunters (Swamp:3)
  8 sphinxes
  4 tengu reavers
  Aizul (Swamp:1)
  12 storm dragons
  7 shadow dragons
  10 azure jellies
  13 rockslimes
  2 revenants
  6 draconian knights
  Donald (Orc:2)
  3 protean progenitors
  6 draconian shifters
  9 frost giants
  6 draconian monks
  16 narguns
  11 nagarajas
  Louise (Swamp:3)
  13 fire giants
  An imperial myrmidon (Desolation)
  4 deep elf elementalists (Elf:3)
  An iron dragon (Depths:4)
  7 balrugs
  2 ghost moths
  5 deep elf sorcerers
  13 shard shrike simulacra
  16 vault wardens
  A draconian scorcher (Zot:3)
  18 ironbound preservers
  7 draconian annihilators
  9 reapers
  4 draconian stormcallers
  2 curse skulls
  13 stone giants
  A spriggan defender (Depths:3)
  5 orc warlords
  4 ghouls (Crypt:2)
  10 green draconians
  5 quicksilver oozes
  15 very ugly things
  6 formless jellyfish
  5 vampire knights
  4 ironbound thunderhulks
  3 eleionomae
  21 elemental wellsprings
  11 deep elf death magi
  Nessos (D:15)
  4 bunyips
  7 deep elf demonologists
  A halazid warlock (Desolation)
  14 purple draconians
  Azrael (Orc:2)
  21 wendigos
  A lorocyproca (Hell)
  8 deep elf annihilators
  3 war gargoyles
  5 red draconians
  11 white draconians
  14 black draconians
  8 spark wasps
  4 yellow draconians
  6 eidola
  Snorg (Orc:2)
  6 ettins
  4 crystal guardians
  A blizzard demon (Hell)
  2 shambling mangroves
  Josephine (Orc:2)
  2 entropy weavers
  5 jiangshi
  3 deep elf high priests
  14 yaktaur captains
  A quicksilver dragon zombie (Crypt:3)
  9 ragged hierophants
  2 ghost crabs
  4 salamander tyrants
  17 peacekeepers
  6 fire dragons
  13 caustic shrike simulacra
  9 servants of whispers (Desolation)
  36 vault guards
  3 rakshasas
  Erolcha (Orc:2)
  6 hydras
  3 ogre magi
  3 spriggan air magi
  10 ice dragons
  7 great orbs of eyes
  A jorogumo (Zot:4)
  3 juggernaut simulacra
  7 ironbound frosthearts
  4 anacondas
  7 alligators
  4 catoblepae
  4 boulder beetles
  2 death knights (Crypt:2)
  4 two-headed ogres
  22 dancing weapons
  13 centaur warriors
  3 deep troll earth magi
  6 vampire magi
  9 death yaks (Lair:5)
  A spriggan skeleton (Crypt:1)
  9 tengu warriors
  A demonic crawler (Depths:3)
  9 hell hogs
  6 deep troll shamans
  13 naga warriors
  2 occultists
  14 shock serpents
  13 naga sharpshooters
  A titan zombie (Crypt:1)
  15 deep elf knights
  12 hell knights
  3 soul eaters
  7 sun demons
  A titan skeleton (Crypt:1)
  2 skysharks (Depths:2)
  5 salamander mystics
  A bunyip zombie (Crypt:1)
  4 goliath frogs
  2 shadow wraiths (Crypt:2)
  19 skeletal warriors
  6 iron trolls
  A death drake (Depths:4)
  A storm dragon skeleton (Vaults:2)
  4 quicksilver dragon simulacra
  A deep troll (shapeshifter) (Vaults:3)
  14 mana vipers
  6 swamp dragons
  An iron giant skeleton (Crypt:2)
  43 deep trolls
  5 deep elf archers
  9 flayed ghosts
  An orb spider (shapeshifter) (Vaults:5)
  6 spriggan druids
  13 spriggan simulacra
  6 bog bodies
  5 glowing orange brains
  A shadow demon (Depths:2)
  7 necromancers
  A fenstrider witch simulacrum (Coc:1)
  25 ironbound convokers
  An obsidian statue (IceCv)
  8 naga ritualists
  4 harpies
  21 deep elf pyromancers
  A shining eye (shapeshifter) (Vaults:5)
  12 orc knights
  An anaconda skeleton (Crypt:3)
  8 phantasmal warriors
  14 lindwurms
  The ghost of xianbchi the Skirmisher, a novice SpHu of Fedhas (D:7)
  8 cyclopes
  16 deep elf zephyrmancers
  7 shining eyes
  The ghost of avangion the Fighter, a novice DjFE of Hepliaklqana (D:5)
  An oklob plant (Lair:4)
  8 orc sorcerers (Orc:2)
  2 shadow dragon skeletons
  A fire giant zombie (Crypt:1)
  2 manticores
  3 will-o-the-wisps
  24 ugly things
  20 moths of wrath
  24 salamanders
  7 kobold blastminers
  An eye of devastation (Slime:1)
  An elephant (shapeshifter) (Vaults:3)
  A meliai (shapeshifter) (Vaults:5)
  An alligator skeleton (Crypt:3)
  27 elephants
  5 ice statues
  7 guardian serpents
  A stone giant skeleton (Hell)
  46 black mambas
  6 titan simulacra
  18 vault sentinels
  15 naga magi
  6 gargoyles
  10 cane toads
  An unseen horror (D:11)
  9 hellions
  A spriggan zombie (Depths:1)
  6 rime drakes
  2 bunyip simulacra
  25 freezing wraiths
  4 tormentors
  7 komodo dragons
  32 yaktaurs
  A tengu conjurer (D:14)
  3 guardian mummies
  2 harpy zombies
  A yellow draconian skeleton (Crypt:2)
  Psyche (D:8)
  2 anaconda simulacra (Coc:7)
  An efreet (D:12)
  5 ice devils
  A merfolk (shapeshifter) (Vaults:5)
  2 golden dragon simulacra
  4 yaktaur skeletons (Vaults:2)
  6 trolls
  3 human skeletons (Vaults:2)
  A bloated husk (Swamp:2)
  An elf skeleton (Vaults:2)
  5 tyrant leeches
  10 hornets
  An ettin zombie (Crypt:1)
  A tarantella (shapeshifter) (Depths:2)
  15 blink frogs
  5 polar bears
  5 glass eyes
  80 saltlings
  3 iron dragon simulacra
  94 slime creatures
  3 centaur simulacra
  5 fire dragon skeletons (Crypt:1)
  A culicivora (Vaults:4)
  A spriggan (shapeshifter) (Depths:2)
  15 wyverns
  2 stone giant simulacra
  4 air elementals
  A culicivora (shapeshifter) (Depths:2)
  5 shadows
  13 spriggans
  2 water elementals (Depths:1)
  6 fire elementals
  3 ettin skeletons
  3 nameless horrors
  7 dire elephant simulacra
  3 naga simulacra
  9 wraiths
  An alligator snapping turtle simulacrum (Coc:2)
  10 basilisks
  An ushabti (Crypt:3)
  54 yaks
  5 golden eyes (Slime:2)
  4 swamp worm simulacra (Swamp:4)
  3 wargs
  A human (shapeshifter) (Depths:2)
  7 redbacks (Elf:1)
  Grum (D:11)
  3 vampire mosquitoes (Swamp:3)
  6 minotaur simulacra (IceCv)
  18 harpy simulacra
  49 nagas
  A human zombie (Depths:1)
  19 swamp worms
  20 hydra simulacra
  3 naga zombies
  An acid dragon (D:13)
  17 water moccasins
  3 hell hounds
  A faun skeleton (Crypt:1)
  A naga skeleton (Crypt:3)
  3 glowing shapeshifter skeletons (Vaults:2)
  A two-headed ogre skeleton (Crypt:1)
  2 sky beasts
  4 swamp drakes
  A black bear (shapeshifter) (Depths:2)
  4 ettin simulacra
  10 orc warriors
  11 ice beasts
  3 laughing skulls
  4 black bears
  17 wolves
  13 centaurs
  4 boggarts (D:14)
  8 ogres
  7 kobold brigands
  9 bullfrogs
  4 gnoll sergeants
  An earth elemental (Elf:2)
  2 scorpions
  A warg zombie (Crypt:1)
  3 deep troll simulacra (IceCv)
  A hornet simulacrum (D:15)
  2 lindwurm simulacra (IceCv)
  A swamp dragon simulacrum (Coc:1)
  8 electric eels
  3 howler monkeys
  A crimson imp (D:5)
  2 human simulacra (Vaults:3)
  A quasit (Sewer)
  7 hounds
  A gnoll bouda (D:5)
  2 jellies
  A bullfrog skeleton (Crypt:2)
  5 orc priests
  A basilisk zombie (Crypt:1)
  2 iguanas
  A sleepcap (D:8)
  Terence (D:2)
  26 orc wizards
  Ijyb (D:4)
  Natasha (thrice) (D:2)
  15 hell rats
  2 ogre zombies
  4 mummies
  Robin (D:2)
  9 adders
  22 gnolls
  A howler monkey skeleton (Crypt:1)
  A river rat (D:3)
  6 shadow imps
  6 white imps
  4 ufetubi
  4 swamp drake simulacra (Swamp:4)
  An adder zombie (Sewer)
  2 dart slugs (D:1)
  27 orcs
  8 bats
  10 endoplasms
  3 giant cockroaches
  19 goblins
  14 hobgoblins
  7 jackals
  32 kobolds
  8 quokkas
  3 training dummies (D:6)
  7 ball pythons
  A frilled lizard (D:1)
  A giant cockroach zombie (Sewer)
  A goblin zombie (D:5)
  A hobgoblin zombie (D:5)
  A kobold skeleton (D:5)
  2 kobold zombies (Sewer)
  3 orc skeletons (D:5)
  2 orc zombies (D:5)
  25 rats
  4 aspiring fleshes
  A butterfly (Lair:4)
  A creeping inferno (Hell)
  A fire vortex (Vaults:5)
2610 creatures vanquished.

Vanquished Creatures (collateral kills)
  2 orbs of fire
  An ancient lich (Crypt:3)
  A juggernaut (Depths:3)
  A royal mummy (Crypt:1)
  Vv (Zot:4)
  3 shard shrikes
  Vashnia (Snake:2)
  Margery (Vaults:2)
  3 golden dragons
  2 bone dragons
  The ghost of Uniexadu the Warrior, an adept GrFi of Cheibriados (Crypt:2)
  4 hellephants
  4 tentacled monstrosities
  4 Ice Fiends
  A walking crystal tome (Depths:3)
  A lich (Depths:4)
  An Orb Guardian (Zot:5)
  5 titans
  5 searing wretches
  An ancient champion (Hell)
  A death cob (Zot:2)
  A tengu reaver (Depths:3)
  Frances (Snake:2)
  A shadow dragon (Zot:1)
  An azure jelly (Slime:4)
  6 storm dragons
  A protean progenitor (Zot:4)
  A fenstrider witch (Swamp:1)
  3 draconian monks
  6 fire giants
  2 frost giants
  15 narguns
  5 balrugs
  A curse skull (Crypt:2)
  3 ghouls (Crypt:2)
  3 reapers
  2 very ugly things (Depths:1)
  A vault warden (Vaults:3)
  A juggernaut skeleton (Hell)
  3 draconian annihilators (Depths:4)
  3 green draconians (Zot:2)
  An elemental wellspring (Coc:5)
  A deep elf death mage (Crypt:2)
  A vampire knight (Depths:3)
  3 white draconians
  5 wendigos (Coc:7)
  2 purple draconians
  3 war gargoyles
  A spark wasp (Depths:3)
  5 black draconians
  4 red draconians
  2 eidola (Crypt:2)
  2 ettins (Depths:3)
  2 jiangshi (Crypt:2)
  2 fire dragons (Depths:1)
  An ice dragon (Hell)
  3 juggernaut simulacra
  3 salamander tyrants
  A quicksilver dragon skeleton (Crypt:1)
  A caustic shrike simulacrum (Coc:7)
  A spriggan skeleton (Hell)
  3 stokers
  An anaconda (Snake:1)
  A death knight (Crypt:2)
  An alligator (Swamp:1)
  8 hell hogs
  2 deep troll earth magi
  2 deep troll shamans (Depths:4)
  A naga sharpshooter (Snake:2)
  2 soul eaters (Hell)
  A titan skeleton (Hell)
  7 sun demons
  A salamander mystic (Depths:4)
  18 hell knights
  A bunyip zombie (Crypt:1)
  13 skeletal warriors (Crypt:3)
  A spriggan druid (Swamp:1)
  A storm dragon skeleton (Crypt:1)
  A goliath frog (Swamp:1)
  3 iron trolls
  A quicksilver dragon simulacrum (Coc:7)
  7 deep trolls
  A golden dragon skeleton (Crypt:1)
  3 necromancers
  2 bog bodies (Crypt:2)
  6 phantasmal warriors
  A bunyip skeleton (Crypt:3)
  A naga ritualist (Snake:1)
  2 stone giant zombies (Crypt:1)
  A shadow dragon zombie (Crypt:2)
  An iron dragon zombie (Hell)
  6 ugly things
  2 titan simulacra
  A dire elephant zombie (Crypt:1)
  3 smoke demons (Crypt:3)
  A stone giant skeleton (Crypt:3)
  A mana viper skeleton (Crypt:1)
  A gargoyle (Crypt:3)
  2 hellions
  An ice devil (Hell)
  2 iron giant simulacra
  A tengu conjurer (Depths:1)
  An anaconda simulacrum (Coc:7)
  A white draconian skeleton (Crypt:2)
  2 golden dragon simulacra
  A freezing wraith (Coc:5)
  A harpy zombie (Crypt:1)
  A stone giant simulacrum (Coc:3)
  2 iron dragon simulacra
  3 fire dragon skeletons (Crypt:1)
  A slime creature (Slime:5)
  A spriggan (Swamp:1)
  A shadow (Crypt:3)
  2 fire elementals (Orc:2)
  2 wraiths
  3 dire elephant simulacra
  A wind drake skeleton (Crypt:2)
  An alligator snapping turtle simulacrum (Coc:3)
  A spriggan simulacrum (Depths:1)
  4 harpy simulacra
  A fire bat skeleton (Crypt:1)
  5 hell hounds
  10 laughing skulls
  An ettin simulacrum (Coc:7)
  An ogre (Orc:2)
  A komodo dragon zombie (Crypt:2)
  2 naga simulacra
  A wolf skeleton (Crypt:2)
  11 mummies
  An orc (Orc:2)
  An aspiring flesh (Zot:5)
  A creeping inferno (Geh:3)
328 creatures vanquished.

Vanquished Creatures (others)
  An elemental wellspring (Coc:7)
  A white draconian (Depths:4)
  An ice dragon (Depths:4)
  A salamander tyrant (Snake:2)
  A centaur warrior (D:15)
  A deep troll (Depths:1)
  Grinder (Sewer)
  A centaur (D:15)
  2 orc wizards (Orc:2)
  A kobold zombie (Sewer)
  239 fire vortices
  20 foxfires
  515 fulminant prisms
785 creatures vanquished.

Grand Total: 3723 creatures vanquished

Notes
Turn   | Place    | Note
-------+----------+-------------------------------------------
     0 | D:1      | sleeves the Oni Conjurer began the quest for the Orb.
     0 | D:1      | Reached XP level 1. HP: 16/16 MP: 3/3
    95 | D:1      | Reached skill level 4 in Conjurations
    95 | D:1      | Reached XP level 2. HP: 24/24 MP: 1/5
   553 | D:1      | Reached XP level 3. HP: 31/31 MP: 2/7
   826 | D:1      | Reached skill level 3 in Spellcasting
  1263 | D:1      | Found a faded altar of an unknown god.
  1342 | D:2      | Reached XP level 4. HP: 39/39 MP: 6/8
  1360 | D:2      | Noticed Natasha
  1581 | D:2      | Noticed Robin
  1783 | D:2      | Learned a level 2 spell: Searing Ray
  1818 | D:2      | Reached XP level 5. HP: 45/45 MP: 8/10
  1871 | D:2      | Reached skill level 5 in Conjurations
  2005 | D:2      | Found a shadowy altar of Dithmenos.
  2016 | D:2      | Reached skill level 4 in Spellcasting
  2216 | D:2      | Noticed Terence
  2242 | D:2      | Killed Terence
  2344 | D:2      | Killed Natasha
  2372 | D:2      | Killed Robin
  2373 | D:2      | Reached XP level 6. HP: 53/53 MP: 1/13
  2537 | D:2      | Noticed Natasha
  2542 | D:2      | Killed Natasha
  2641 | D:2      | Noticed Natasha
  2645 | D:2      | Killed Natasha
  2646 | D:2      | Reached skill level 5 in Spellcasting
  2989 | D:3      | Found a glowing drain.
  2993 | Sewer    | Entered a sewer
  3367 | Sewer    | Found a burning altar of Makhleb.
  3375 | Sewer    | Reached skill level 6 in Conjurations
  3375 | Sewer    | Reached XP level 7. HP: 50/59 MP: 6/15
  3459 | Sewer    | Noticed Grinder
  3479 | Sewer    | HP: 28/59 [ufetubus (4)]
  3665 | Sewer    | HP: 29/59 [poisoned by a kobold brigand]
  3667 | Sewer    | Gained mutation: You are weak. (Str -2) [potion of
                  | mutation]
  3667 | Sewer    | Lost mutation: You are weak. (Str -2) [potion of mutation]
  3667 | Sewer    | Gained mutation: Your flesh is heat resistant. (rF+)
                  | [potion of mutation]
  3667 | Sewer    | Killed Grinder
  3668 | Sewer    | Reached skill level 6 in Spellcasting
  3670 | Sewer    | HP: 23/59 [poisoned by a kobold brigand]
  4759 | D:3      | Reached XP level 8. HP: 67/67 MP: 12/18
  5013 | D:4      | Reached skill level 7 in Spellcasting
  5013 | D:4      | Reached skill level 7 in Conjurations
  5276 | D:4      | Found Toptoy's Jewellery Shoppe.
  5313 | D:4      | Found Xahew's Antique Weapon Shoppe.
  5384 | D:4      | Noticed Ijyb
  5392 | D:4      | Killed Ijyb
  5627 | D:4      | Found a shadowy altar of Dithmenos.
  5975 | D:4      | Found Giholed's Jewellery Shop.
  6029 | D:4      | Found Remextom's General Store.
  6047 | D:4      | HP: 26/67 [ice beast (9)]
  6529 | D:5      | Entered Level 5 of the Dungeon
  6582 | D:5      | Reached skill level 8 in Spellcasting
  6901 | D:5      | Found an opulent altar of Gozag.
  6957 | D:5      | Found Juma Jaa's Antique Weapon Boutique.
  7012 | D:5      | Identified the +6 trident "Lirufam" {venom, +Blink Dex+5}
  7047 | D:5      | Noticed avangion's ghost (novice DjFE)
  7061 | D:5      | Reached skill level 8 in Conjurations
  7238 | D:5      | Found a glowing golden altar of the Shining One.
  7340 | D:5      | Found a transporter.
  7349 | D:5      | Found a transporter.
  7511 | D:5      | Reached XP level 9. HP: 67/74 MP: 14/21
  7705 | D:6      | Reached skill level 9 in Spellcasting
  7787 | D:6      | HP: 32/74 [centaur/arrow (6)]
  8084 | D:6      | Found a staircase to the Ecumenical Temple.
  8110 | D:6      | Found Sici's Firing Range.
  8125 | Temple   | Entered the Ecumenical Temple
  8788 | D:6      | Found a bloodstained altar of Trog.
  8788 | D:6      | Found a radiant altar of Vehumet.
  8788 | D:6      | Found an ancient bone altar of Kikubaaqudgha.
  8788 | D:6      | Found an iron altar of Okawaru.
  8796 | D:6      | Found a shimmering blue altar of Sif Muna.
  8796 | D:6      | Found a basalt altar of Yredelemnul.
  8806 | D:6      | Became a worshipper of Vehumet
  9262 | D:7      | Found a stormy altar of Qazlal.
  9393 | D:7      | Noticed xianbchi's ghost (novice SpHu)
  9407 | D:7      | Found a transporter.
  9411 | D:7      | Noticed a moth of wrath
  9411 | D:7      | Found the +2 cloak of the Thief {*Fog Slay-2 SInv Stlth+}
  9413 | D:7      | Noticed a komodo dragon
  9449 | D:7      | Found a transporter.
  9520 | D:7      | HP: 37/74 [sky beast (2)]
  9523 | D:7      | Reached skill level 9 in Conjurations
  9662 | D:7      | Learned a level 4 spell: Iskenderun's Mystic Blast
  9667 | D:7      | Learned a level 4 spell: Fulminant Prism
  9669 | D:7      | Learned a level 1 spell: Apportation
  9755 | D:7      | Reached skill level 1 in Fighting
 10044 | D:7      | Reached skill level 2 in Fighting
 10083 | D:7      | Reached skill level 10 in Spellcasting
 10198 | D:7      | Found a shimmering altar of Xom.
 10209 | D:7      | Reached skill level 3 in Fighting
 10439 | D:8      | Reached skill level 4 in Fighting
 10446 | D:8      | Reached XP level 10. HP: 73/94 MP: 14/24
 10449 | D:8      | Reached skill level 5 in Fighting
 10733 | D:8      | Noticed Psyche
 10747 | D:8      | Killed Psyche
 10936 | D:8      | Reached * piety under Vehumet
 10936 | D:8      | Offered knowledge of Kiss of Death by Vehumet.
 10957 | D:8      | Reached skill level 6 in Fighting
 10957 | D:8      | Reached skill level 10 in Conjurations
 11038 | D:8      | Reached skill level 11 in Spellcasting
 11181 | D:8      | Found a staircase to the Lair.
 11598 | D:9      | Reached skill level 7 in Fighting
 12396 | D:9      | Found a hazy altar of Hepliaklqana.
 12415 | D:10     | Entered Level 10 of the Dungeon
 12734 | D:10     | Reached skill level 8 in Fighting
 12741 | D:10     | Reached XP level 11. HP: 83/111 MP: 12/26
 13165 | D:10     | Reached skill level 12 in Spellcasting
 13394 | D:10     | Reached skill level 9 in Fighting
 13395 | D:10     | Reached skill level 11 in Conjurations
 13662 | D:11     | Noticed Grum
 13668 | D:11     | Killed Grum
 13830 | D:11     | Found a staircase to the Orcish Mines.
 14132 | D:11     | Learned a level 2 spell: Blink
 14238 | D:11     | Noticed a two-headed ogre
 14252 | D:11     | Noticed a cyclops
 14267 | D:11     | Killed a two-headed ogre
 14268 | D:11     | Reached skill level 10 in Fighting
 14285 | D:11     | Killed a cyclops
 14432 | D:11     | Noticed a two-headed ogre
 14458 | D:11     | Killed a two-headed ogre
 14459 | D:11     | Reached skill level 13 in Spellcasting
 14531 | D:11     | Identified the ring "Ucuil" {Fly rF- Dex+5}
 14554 | D:11     | Reached ** piety under Vehumet
 14554 | D:11     | Offered knowledge of Freeze by Vehumet.
 14584 | D:11     | Identified the ring "Colox Cedyta" {+Blink Will+ SInv}
 14584 | D:11     | Noticed an ogre mage
 14584 | D:11     | Identified the ring of Ruuvacum {rPois Int+6}
 14584 | D:11     | Noticed a deep elf pyromancer
 14584 | D:11     | Noticed a boulder beetle
 14598 | D:11     | Killed a deep elf pyromancer
 14599 | D:11     | Reached skill level 11 in Fighting
 14599 | D:11     | Reached XP level 12. HP: 128/130 MP: 23/29
 14657 | D:11     | Killed an ogre mage
 14740 | D:11     | Killed a boulder beetle
 14741 | D:11     | Reached skill level 12 in Conjurations
 14864 | D:11     | Noticed a boulder beetle
 14892 | D:11     | HP: 60/130 [troll (9)]
 14916 | D:11     | Killed a boulder beetle
 15104 | D:11     | Identified the ring "Madimo Qowec" {Dex+5 SInv}
 15145 | D:11     | Reached skill level 12 in Fighting
 15693 | D:12     | Reached skill level 1 in Shields
 15701 | D:12     | Noticed a boulder beetle
 15820 | D:12     | Noticed a two-headed ogre
 15970 | D:12     | Noticed a two-headed ogre
 15980 | D:12     | Killed a two-headed ogre
 15981 | D:12     | Reached skill level 2 in Shields
 15981 | D:12     | Reached skill level 14 in Spellcasting
 16053 | D:12     | Killed a two-headed ogre
 16471 | D:12     | Reached skill level 3 in Shields
 16716 | D:12     | Killed a boulder beetle
 16799 | D:13     | HP: 63/132 [white ugly thing (23)]
 16813 | D:13     | Noticed Jorgrun
 17079 | Lair:1   | Entered Level 1 of the Lair of Beasts
 17207 | Lair:1   | Identified the ring of Kes Ibromig {rElec rPois rF++ rN+
                  | Dex-2}
 17334 | Lair:1   | Reached XP level 13. HP: 140/140 MP: 31/31
 17349 | Lair:1   | Reached skill level 4 in Shields
 17390 | Lair:1   | Reached skill level 13 in Conjurations
 17647 | Lair:1   | Offered knowledge of Volatile Blastmotes by Vehumet.
 18149 | Lair:2   | Reached skill level 5 in Shields
 18161 | Lair:2   | Reached *** piety under Vehumet
 18169 | Lair:2   | Reached skill level 15 in Spellcasting
 18173 | Lair:2   | HP: 65/140 [five-headed hydra (12)]
 18175 | Lair:2   | HP: 28/140 [rime drake/icy flash freeze (26)]
 18728 | Lair:2   | Offered knowledge of Mephitic Cloud by Vehumet.
 18892 | Lair:2   | Identified a scroll of acquirement
 18901 | Lair:2   | Acquired a book of Dangerous Friends
 18911 | Lair:2   | Learned a level 7 spell: Orb of Destruction
 18919 | Lair:2   | Learned a level 7 spell: Spellforged Servitor
 19181 | Lair:2   | Found a basalt altar of Yredelemnul.
 19234 | Lair:2   | Reached skill level 6 in Shields
 19916 | Lair:3   | Reached skill level 1 in Translocations
 19984 | Lair:3   | Reached skill level 1 in Summonings
 20706 | Lair:3   | Reached skill level 2 in Summonings
 20706 | Lair:3   | Reached skill level 2 in Translocations
 20779 | Lair:3   | Found a staircase to the Snake Pit.
 20947 | Lair:3   | Found a staircase to the Swamp.
 21057 | Lair:4   | Reached **** piety under Vehumet
 21202 | Lair:4   | HP: 64/140 [six-headed hydra (10)]
 21204 | Lair:4   | HP: 27/140 [six-headed hydra (6)]
 21563 | Lair:4   | Offered knowledge of Airstrike by Vehumet.
 21566 | Lair:4   | Reached skill level 3 in Summonings
 21566 | Lair:4   | Reached skill level 3 in Translocations
 21705 | Lair:4   | Reached XP level 14. HP: 126/149 MP: 30/33
 21732 | Lair:4   | Reached skill level 14 in Conjurations
 21775 | Lair:4   | Reached skill level 7 in Shields
 21790 | Lair:4   | HP: 73/149 [catoblepas (12)]
 22140 | Lair:4   | Reached skill level 4 in Summonings
 22140 | Lair:4   | Reached skill level 4 in Translocations
 22516 | Lair:4   | Reached ***** piety under Vehumet
 22638 | Lair:4   | Offered knowledge of Iskenderun's Battlesphere by Vehumet.
 23013 | Lair:4   | Learned a level 5 spell: Iskenderun's Battlesphere
 23527 | Lair:5   | Entered Level 5 of the Lair of Beasts
 23531 | Lair:5   | Reached skill level 5 in Summonings
 23532 | Lair:5   | Reached skill level 8 in Shields
 23737 | Lair:5   | Found a viscous altar of Jiyva.
 23738 | Lair:5   | Found a staircase to the Slime Pits.
 23840 | Lair:5   | Found a stormy altar of Qazlal.
 24121 | Lair:5   | Reached skill level 6 in Summonings
 24392 | Lair:5   | Reached skill level 9 in Shields
 24520 | Lair:5   | Reached XP level 15. HP: 156/156 MP: 27/34
 24606 | Lair:5   | Reached skill level 15 in Conjurations
 24893 | Lair:5   | Reached skill level 7 in Summonings
 25420 | Orc:1    | Entered Level 1 of the Orcish Mines
 25420 | Orc:1    | Found Gafenaic's Jewellery Shop.
 25505 | Orc:1    | Offered knowledge of Sticky Flame by Vehumet.
 25822 | Orc:2    | Entered Level 2 of the Orcish Mines
 25895 | Orc:2    | Noticed Josephine
 25900 | Orc:2    | Killed Josephine
 26251 | Orc:2    | Found a staircase to the Elven Halls.
 26330 | Orc:2    | Noticed Donald
 26335 | Orc:2    | Killed Donald
 26368 | Orc:2    | Found Will's Magic Scroll Boutique.
 26388 | Orc:2    | Found an ancient bone altar of Kikubaaqudgha.
 26389 | Orc:2    | Noticed Azrael
 26400 | Orc:2    | Killed Azrael
 26408 | Orc:2    | Reached skill level 10 in Shields
 26458 | Orc:2    | Paralysed by an orc sorcerer for 4 turns
 26477 | Orc:2    | Reached skill level 8 in Summonings
 26654 | Orc:2    | Found Fixt's Jewellery Shop.
 26664 | Orc:2    | Noticed Erolcha
 26668 | Orc:2    | Killed Erolcha
 26692 | Orc:2    | Found a radiant altar of Vehumet.
 26748 | Orc:2    | Found Parem's Distillery.
 26748 | Orc:2    | Found a roughly hewn altar of Beogh.
 26750 | Orc:2    | Found Tisot's Antique Armour Shop.
 26808 | Orc:2    | Bought a potion of curing for 39 gold pieces
 26858 | Orc:2    | Offered knowledge of Conjure Ball Lightning by Vehumet.
 26915 | Orc:2    | Noticed Snorg
 26920 | Orc:2    | Killed Snorg
 26921 | Orc:2    | Reached skill level 16 in Conjurations
 27165 | Orc:2    | Bought a scroll of acquirement for 728 gold pieces
 27165 | Orc:2    | Acquired 1193 gold pieces
 27443 | D:5      | Killed avangion's ghost
 27445 | D:5      | Reached skill level 1 in Fire Magic
 27722 | D:13     | Killed Jorgrun
 27723 | D:13     | Reached skill level 2 in Fire Magic
 28045 | D:13     | Reached skill level 3 in Fire Magic
 28440 | D:13     | Found a gate to the Vaults.
 28596 | D:14     | Reached skill level 4 in Fire Magic
 28641 | D:14     | Reached skill level 5 in Fire Magic
 28689 | D:14     | Reached XP level 16. HP: 123/165 MP: 12/35
 29248 | D:14     | Reached skill level 6 in Fire Magic
 29732 | D:14     | Identified the +4 ring mail of the Shining Light {rPois
                  | Will+}
 29766 | D:15     | Entered Level 15 of the Dungeon
 30042 | D:15     | Reached skill level 7 in Fire Magic
 30192 | D:15     | Offered knowledge of Freezing Cloud by Vehumet.
 30195 | D:15     | Noticed Nessos
 30204 | D:15     | Killed Nessos
 31115 | D:15     | Found a staircase to the Depths.
 31183 | D:15     | Acquired the Book of Tenebrous Blasting
 31192 | D:15     | Learned a level 6 spell: Starburst
 31432 | Swamp:1  | Entered Level 1 of the Swamp
 31438 | Swamp:1  | Reached skill level 2 in Dodging
 31602 | Swamp:1  | Identified the serpent talisman of Disappointment {rElec
                  | rF- rC+ Stlth+}
 31602 | Swamp:1  | Noticed Aizul
 31710 | Snake:1  | Entered Level 1 of the Snake Pit
 31715 | Snake:1  | Reached skill level 8 in Fire Magic
 31731 | Lair:3   | HP: 81/167 [poisoned by a naga ritualist (toxic radiance)]
 31736 | Lair:3   | HP: 75/167 [poisoned by a naga ritualist (toxic radiance)]
 31996 | Snake:1  | Reached skill level 3 in Dodging
 32171 | Snake:1  | HP: 81/167 [poisoned by a black mamba]
 32176 | Lair:3   | HP: 67/167 [poisoned by a black mamba]
 32181 | Lair:3   | HP: 64/167 [poisoned by a black mamba]
 32899 | Snake:2  | Reached skill level 13 in Fighting
 32899 | Snake:2  | Reached skill level 4 in Dodging
 33317 | Snake:2  | Reached skill level 9 in Fire Magic
 33476 | Snake:2  | Reached skill level 5 in Dodging
 33625 | Snake:2  | Noticed Vashnia
 33636 | Snake:2  | HP: 85/171 [poisoned by a naga sharpshooter (splash of
                  | poison)]
 33660 | Snake:2  | Noticed Frances
 33925 | Snake:3  | Found a glacial archway.
 33937 | IceCv    | Entered an ice cave
 33965 | IceCv    | Reached skill level 14 in Fighting
 33983 | IceCv    | Reached XP level 17. HP: 180/180 MP: 22/36
 33996 | IceCv    | Offered knowledge of Irradiate by Vehumet.
 34409 | IceCv    | Reached skill level 6 in Dodging
 34590 | IceCv    | Found the +4 skin of Zhor {*Englaciate rC+++ SInv}
 34895 | Snake:3  | Reached skill level 10 in Fire Magic
 34962 | Snake:3  | Reached skill level 15 in Fighting
 35308 | Snake:3  | Found a glowing golden altar of the Shining One.
 35317 | Snake:3  | Reached skill level 11 in Shields
 36030 | Snake:4  | Entered Level 4 of the Snake Pit
 36173 | Snake:4  | Reached skill level 12 in Shields
 36584 | Snake:4  | Reached skill level 13 in Shields
 36661 | Snake:4  | Offered knowledge of Fireball by Vehumet.
 36662 | Snake:4  | Acquired 551 gold pieces
 36670 | Snake:4  | Learned a level 5 spell: Fireball
 36696 | Snake:4  | Reached XP level 18. HP: 167/193 MP: 13/37
 36995 | Snake:4  | Reached skill level 14 in Shields
 37579 | Snake:4  | Got a serpentine rune of Zot
 37755 | Snake:2  | HP: 92/193 [naga sharpshooter/arrow[Vashnia] (18)]
 38008 | Snake:3  | HP: 96/193 [poisoned by Vashnia (splash of poison)]
 38013 | Snake:3  | HP: 93/193 [poisoned by Vashnia (splash of poison)]
 38218 | Snake:2  | Killed Frances
 38319 | Snake:2  | Killed Vashnia
 38344 | Snake:2  | Reached skill level 15 in Shields
 38775 | Swamp:1  | Killed Aizul
 38816 | Swamp:1  | Reached ****** piety under Vehumet
 39571 | Swamp:2  | Offered knowledge of Plasma Beam by Vehumet.
 39585 | Swamp:2  | Learned a level 6 spell: Plasma Beam
 39622 | Swamp:2  | Reached skill level 16 in Fighting
 39844 | Swamp:2  | Found a transporter.
 39850 | Swamp:2  | Noticed Eboth's ghost (adept GnFi)
 39925 | Swamp:2  | Identified the +7 falchion of Extremism {freeze, Fly Dex+5}
 40051 | Swamp:2  | Reached skill level 11 in Fire Magic
 40293 | Swamp:2  | Found a transporter.
 40901 | Swamp:3  | Noticed Louise
 40918 | Swamp:3  | Killed Louise
 40933 | Swamp:3  | Reached skill level 12 in Fire Magic
 41149 | Swamp:3  | Reached XP level 19. HP: 204/204 MP: 38/38
 41273 | Swamp:3  | Noticed Mlioglotl
 41285 | Swamp:3  | Killed Mlioglotl
 41451 | Swamp:4  | Entered Level 4 of the Swamp
 41821 | D:7      | Killed xianbchi's ghost
 42146 | Swamp:4  | Reached skill level 13 in Fire Magic
 42639 | Swamp:4  | Offered knowledge of Fire Storm by Vehumet.
 42639 | Swamp:4  | Offered knowledge of Ignition by Vehumet.
 42639 | Swamp:4  | Offered knowledge of Maxwell's Capacitive Coupling by
                  | Vehumet.
 42709 | Swamp:4  | Got a decaying rune of Zot
 43290 | Depths:1 | Entered Level 1 of the Depths
 43462 | Depths:1 | Found a one-way gateway to a ziggurat.
 43571 | Depths:1 | Reached skill level 14 in Fire Magic
 43874 | Depths:1 | Found Daaseegu's Jewellery Shop.
 43876 | Depths:1 | Found Naixat's Book Emporium.
 43877 | Depths:1 | Found Waykk's Jewellery Shop.
 44183 | Depths:1 | Reached skill level 15 in Fire Magic
 44251 | Depths:1 | Found a radiant altar of Vehumet.
 44271 | Depths:1 | Found a broken altar of Ashenzari.
 44529 | Depths:1 | Found a gateway to Hell.
 44796 | Depths:2 | Noticed a hellephant
 44818 | Depths:1 | Killed a hellephant
 45059 | Depths:2 | Found an ornate altar of the Wu Jian Council.
 45133 | Depths:2 | Found Homiuw's Distillery.
 45137 | Depths:2 | Bought a potion of heal wounds for 75 gold pieces
 45137 | Depths:2 | Bought a potion of heal wounds for 75 gold pieces
 45229 | Depths:2 | Found a one-way gate leading to the halls of Pandemonium.
 45241 | Depths:2 | Found Asedweun's Distillery.
 45293 | Depths:2 | Reached skill level 16 in Fire Magic
 45294 | Depths:2 | Reached XP level 20. HP: 213/213 MP: 18/39
 45675 | Depths:2 | Noticed Asterion
 45685 | Depths:2 | Killed Asterion
 46031 | Depths:2 | Reached skill level 17 in Fire Magic
 46173 | Depths:2 | Noticed Norris
 46252 | Depths:2 | Killed Norris
 46468 | Depths:2 | Noticed a juggernaut
 46477 | Depths:2 | Killed a juggernaut
 46559 | Depths:2 | Identified the -1 cloak of Qazlal's Displeasure {+Blink
                  | rCorr}
 46963 | Depths:3 | Found Fuox's Jewellery Boutique.
 46967 | Depths:3 | Found Unenupat's Assorted Antiques.
 46973 | Depths:3 | Bought a twisted dagger for 147 gold pieces
 46973 | Depths:3 | Identified the +6 dagger "Beetlebane" {spect, rElec rPois
                  | Will- Dex+2} (You bought it in a shop on level 3 of the
                  | Depths)
 47304 | Depths:3 | Noticed a golden dragon
 47308 | Depths:3 | Noticed a juggernaut
 47320 | Depths:3 | Killed a juggernaut
 47330 | Depths:3 | Killed a golden dragon
 47339 | Depths:3 | HP: 106/213 [frost giant/bolt of cold (6)]
 47347 | Depths:3 | HP: 71/213 [frost giant/bolt of cold (5)]
 47351 | Depths:3 | HP: 19/213 [stone giant/large rock (42)]
 47713 | Depths:3 | Reached skill level 16 in Spellcasting
 47869 | Depths:3 | Found a one-way gate to the infinite horrors of the Abyss.
 48485 | Depths:3 | Reached skill level 18 in Fire Magic
 48767 | Depths:4 | Entered Level 4 of the Depths
 48767 | Depths:4 | Noticed a juggernaut
 48872 | Depths:4 | HP: 102/213 [sphinx (6)]
 48919 | Depths:4 | HP: 105/213 [hell knight/+4 glaive of flaming (9)]
 49124 | Depths:4 | Reached XP level 21. HP: 163/220 MP: 13/41
 49136 | Depths:3 | Learned a level 8 spell: Ignition
 49181 | Depths:4 | Found a flickering gateway to a bazaar.
 49187 | Bazaar   | Entered a bazaar
 49191 | Bazaar   | Found Zillosiwn's Distillery.
 49253 | Bazaar   | Found Gugiofa's Antique Weapon Boutique.
 49253 | Bazaar   | Found Qouth's Antique Armour Boutique.
 49254 | Bazaar   | Found Daniq Jeuco's Distillery.
 49288 | Bazaar   | Bought 2 potions of heal wounds for 170 gold pieces
 49288 | Bazaar   | Bought a potion of haste for 170 gold pieces
 49288 | Bazaar   | Bought a potion of magic for 136 gold pieces
 49293 | Bazaar   | Bought a potion of heal wounds for 75 gold pieces
 49293 | Bazaar   | Bought a potion of magic for 120 gold pieces
 49298 | Bazaar   | Bought a jewelled hand axe for 192 gold pieces
 49298 | Bazaar   | Identified the +5 hand axe "Violawym" {freeze, *Noise rElec
                  | rF+ rC+ Stlth+} (You bought it in a shop in a bazaar)
 49298 | Bazaar   | Bought a pitted dagger for 168 gold pieces
 49298 | Bazaar   | Identified the +5 dagger of True Grit {heavy, ^Drain Will+
                  | Int+5} (You bought it in a shop in a bazaar)
 49298 | Bazaar   | Bought an encrusted broad axe for 216 gold pieces
 49298 | Bazaar   | Identified the +7 broad axe "Faus" {pain, Stlth+} (You
                  | bought it in a shop in a bazaar)
 49314 | Bazaar   | Bought a potion of resistance for 170 gold pieces
 49411 | Depths:4 | Killed a juggernaut
 49583 | Depths:4 | Reached skill level 17 in Spellcasting
 49851 | Depths:4 | Reached skill level 19 in Fire Magic
 50222 | Depths:4 | Noticed a golden dragon
 50243 | Depths:4 | Killed a golden dragon
 50688 | Depths:4 | Noticed a golden dragon
 50694 | Depths:4 | Killed a golden dragon
 50740 | Depths:4 | Noticed a golden dragon
 50753 | Depths:4 | Killed a golden dragon
 50777 | Depths:4 | Noticed a golden dragon
 50785 | Depths:4 | Killed a golden dragon
 50966 | Depths:4 | Reached skill level 20 in Fire Magic
 51500 | Depths:4 | Found a gate to the Realm of Zot.
 51780 | Depths:4 | HP: 100/222 [purple draconian/bolt of dispelling energy
                  | (27)]
 51785 | Depths:4 | HP: 94/222 [white draconian/blast of cold (6)]
 51789 | Depths:4 | HP: 43/222 [white draconian/+0 long sword (20)]
 52138 | Depths:4 | Identified the +2 robe of the Breathing Gods {Dex+3}
 52484 | Elf:1    | Entered Level 1 of the Elven Halls
 52484 | Elf:1    | Found a runed translucent gate.
 52484 | Elf:1    | Found a runed translucent gate.
 52484 | Elf:1    | Found a runed translucent gate.
 52484 | Elf:1    | Found a runed translucent gate.
 52484 | Elf:1    | Found a runed translucent gate.
 52484 | Elf:1    | Found a runed translucent gate.
 52489 | Elf:1    | Found a runed translucent door.
 52495 | Elf:1    | Found a runed translucent door.
 52499 | Elf:1    | Reached XP level 22. HP: 203/231 MP: 28/43
 53053 | Elf:1    | Paralysed by an air elemental for 1 turns
 53089 | Elf:1    | HP: 110/231 [+4 halberd of venom (8)]
 53093 | Elf:1    | Found Hicigoc's Weapon Boutique.
 53097 | Elf:1    | HP: 63/231 [+3 dire flail of holy wrath (16)]
 53664 | Elf:1    | Reached skill level 17 in Conjurations
 54510 | Elf:2    | Found a runed translucent gate.
 54510 | Elf:2    | Found a runed translucent gate.
 54564 | Elf:2    | Found a runed translucent gate.
 55003 | Elf:3    | Entered Level 3 of the Elven Halls
 55006 | Elf:3    | Reached skill level 21 in Fire Magic
 55273 | Elf:2    | Found a radiant altar of Vehumet.
 55299 | Elf:3    | Paralysed by an air elemental for 1 turns
 56156 | Elf:3    | Identified the +0 robe of Haim {Rampage rC+ Int+2}
 56259 | Elf:3    | Identified the +0 great sword "Voukorch" {elec, rN+}
 56263 | Elf:3    | Identified the +8 trident "Kupairi" {flame, +Blink rF+
                  | Will- Int+3}
 56268 | Elf:3    | Reached skill level 18 in Conjurations
 56536 | Elf:3    | Identified the +12 shortbow of Tibifoeng {heavy, Dex+3
                  | Stlth+}
 56548 | Elf:3    | Got the Codex of Snowy Voltage
 56555 | Elf:3    | Got Juidyame's Omnibus of Execration
 56562 | Elf:3    | Identified the staff "Qemm" {rElec rN+ Will+ Dex+2 Fire
                  | Air}
 56576 | Elf:3    | Identified the +1 sling of Blood {freeze, +Blink rF- Will+
                  | Dex+3}
 56609 | Elf:3    | Identified the +1 ring mail "Lezeirog" {rElec rN+ Str-2
                  | Slay+6}
 56901 | Vaults:1 | Entered Level 1 of the Vaults
 57579 | Vaults:1 | Identified the ring "Vetosteu" {rElec rPois Str-4 Int+6
                  | Dex+4}
 57639 | Vaults:1 | Reached XP level 23. HP: 239/239 MP: 21/44
 58165 | Vaults:1 | Noticed Nikola
 58173 | Vaults:1 | Killed Nikola
 58501 | Vaults:1 | Acquired the +0 hat of the Arcane {^Contam rC+ Str+3 Dex+4}
 59149 | Vaults:2 | Reached skill level 22 in Fire Magic
 59413 | Vaults:2 | Found Celowen's Distillery.
 59426 | Vaults:2 | Bought a potion of magic for 160 gold pieces
 59426 | Vaults:2 | Bought 2 potions of magic for 320 gold pieces
 59426 | Vaults:2 | Bought a potion of heal wounds for 100 gold pieces
 59426 | Vaults:2 | Bought a potion of haste for 200 gold pieces
 59426 | Vaults:2 | Bought a potion of haste for 200 gold pieces
 59642 | Vaults:2 | Noticed Margery
 59657 | Vaults:2 | Killed Margery
 59658 | Vaults:2 | Reached skill level 19 in Conjurations
 60230 | Vaults:2 | Found a staircase to the Crypt.
 60769 | Vaults:2 | Found a huge runed translucent gate.
 60769 | Vaults:2 | Found a huge runed translucent gate.
 60769 | Vaults:2 | Found a huge runed translucent gate.
 60770 | Vaults:2 | Found a huge runed translucent gate.
 60771 | Vaults:2 | Found a huge runed translucent gate.
 60771 | Vaults:2 | Found a huge runed translucent gate.
 60772 | Vaults:2 | Found a huge runed translucent gate.
 60772 | Vaults:2 | Found a huge runed translucent gate.
 60772 | Vaults:2 | Found a huge runed translucent gate.
 60773 | Vaults:2 | Found a huge runed translucent gate.
 60773 | Vaults:2 | Found a huge runed translucent gate.
 60773 | Vaults:2 | Found a huge runed translucent gate.
 60773 | Vaults:2 | Found a huge runed translucent gate.
 60774 | Vaults:2 | Found a huge runed translucent gate.
 60775 | Vaults:2 | Found a huge runed translucent gate.
 60775 | Vaults:2 | Found a huge runed translucent gate.
 60777 | Vaults:2 | Found a huge runed translucent gate.
 60778 | Vaults:2 | Found a huge runed translucent gate.
 60779 | Vaults:2 | Found a huge runed translucent gate.
 60780 | Vaults:2 | Found a huge runed translucent gate.
 60780 | Vaults:2 | Found a huge runed translucent gate.
 60785 | Vaults:2 | Found a huge runed translucent gate.
 60786 | Vaults:2 | Found a huge runed translucent gate.
 60786 | Vaults:2 | Found a huge runed translucent gate.
 60786 | Vaults:2 | Found a huge runed translucent gate.
 60786 | Vaults:2 | Found a huge runed translucent gate.
 60788 | Vaults:2 | Found a huge runed translucent gate.
 60789 | Vaults:2 | Found a huge runed translucent gate.
 60790 | Vaults:2 | Found a huge runed translucent gate.
 60790 | Vaults:2 | Found a huge runed translucent gate.
 60795 | Vaults:2 | Found a huge runed translucent gate.
 60796 | Vaults:2 | Found a huge runed translucent gate.
 60796 | Vaults:2 | Found a huge runed translucent gate.
 60796 | Vaults:2 | Found a huge runed translucent gate.
 60796 | Vaults:2 | Found a huge runed translucent gate.
 60798 | Vaults:2 | Found a huge runed translucent gate.
 61933 | Vaults:3 | Reached skill level 20 in Conjurations
 63801 | Vaults:3 | Learned a level 9 spell: Fire Storm
 63993 | Vaults:4 | Found a crumbling gateway.
 64000 | Vaults:4 | Reached XP level 24. HP: 232/248 MP: 24/44
 64010 | Vaults:4 | Reached skill level 21 in Conjurations
 64012 | Desolati | Entered the Desolation of Salt
 64960 | Desolati | Found the +3 pair of seven-league boots {Rampage+∞}
 65399 | Desolati | Identified the +1 plate armour of Absence {Rampage *Corrode
                  | +Inv Slay+4}
 65411 | Desolati | Identified the ring of Linearity {^Drain rElec Int-2 Dex+6
                  | Slay+4}
 65901 | Desolati | Identified the +4 mace of Neogh {freeze, Dex+3}
 66443 | Desolati | Identified the +3 short sword of Indomitability {speed,
                  | rF+++ Will++ MP-9 Dex-3}
 66446 | Desolati | Identified the +7 scimitar "Atik" {flame, Str+5 Int-2}
 66447 | Desolati | Identified the amulet of Huneunt {RegenMP rElec Str-5 Dex+5
                  | Stlth+}
 66608 | Desolati | Reached skill level 22 in Conjurations
 66678 | Desolati | Got the Anthology of the Discontinuous Legion
 66710 | Desolati | Reached skill level 2 in Stealth
 66876 | Desolati | Reached skill level 3 in Stealth
 67244 | Desolati | Identified the ring of the Ferocious God {rCorr Int+3}
 67503 | Vaults:4 | Reached skill level 4 in Stealth
 67607 | Vaults:4 | Identified the +3 shortbow "Wagh" {freeze, Str+5}
 67621 | Vaults:4 | Reached skill level 5 in Stealth
 68249 | Vaults:4 | Reached skill level 6 in Stealth
 68480 | Vaults:4 | Found Ladah's Armour Emporium.
 68543 | Vaults:4 | Found Akaalaof's General Store.
 68551 | Vaults:4 | Bought a scroll of acquirement for 1092 gold pieces
 68555 | Vaults:4 | Acquired the ring "Noatokes" {rPois Will++ Str-4 Int+6
                  | Dex+2}
 69116 | Crypt:1  | Entered Level 1 of the Crypt
 69122 | Crypt:1  | Noticed Khufu
 69195 | Crypt:1  | Noticed a royal mummy
 69197 | Crypt:1  | Killed a royal mummy
 69198 | Crypt:1  | Killed Khufu
 69198 | Crypt:1  | HP: 119/247 [torment (95)]
 69198 | Crypt:1  | Noticed a royal mummy
 69199 | Crypt:1  | Reached skill level 7 in Stealth
 69614 | Vaults:5 | Entered Level 5 of the Vaults
 69617 | Vaults:5 | Reached skill level 8 in Stealth
 69660 | Vaults:5 | Reached XP level 25. HP: 256/256 MP: 25/44
 69754 | Vaults:5 | Noticed Mennas
 69758 | Vaults:5 | Killed Mennas
 69759 | Vaults:5 | Reached skill level 9 in Stealth
 69760 | Vaults:5 | Noticed an ancient lich
 69948 | Vaults:4 | HP: 89/256 [ancient lich/bolt of acid (47)]
 70221 | Vaults:4 | Killed an ancient lich
 70222 | Vaults:4 | Reached skill level 18 in Spellcasting
 70420 | Vaults:5 | Reached skill level 10 in Stealth
 70675 | Vaults:5 | Reached skill level 23 in Conjurations
 70842 | Vaults:5 | Identified the +3 great mace of Ufiorgh {holy, Will+ Dex+3}
 70875 | Vaults:5 | Identified the +4 dagger "Zedwuc" {flame, rF+ rCorr Dex+2}
 71099 | Vaults:5 | Identified the +4 quarterstaff of the Forgotten Nights
                  | {speed, rC+ Dex+2}
 71614 | Vaults:5 | Reached skill level 1 in Earth Magic
 71614 | Vaults:5 | Reached skill level 1 in Shapeshifting
 71821 | Vaults:5 | Identified the ring "Zinue" {rElec rPois Will+ Dex+3}
 71893 | Vaults:5 | Identified the +3 orcbow of Circularity {antimagic, rC+
                  | rCorr}
 71927 | Vaults:5 | Reached skill level 11 in Stealth
 72146 | Vaults:5 | Identified the +11 chain mail "Penim" {^Contam Str+4 Dex+3}
 72154 | Vaults:5 | Identified the +6 great sword of Desperation {speed, rPois
                  | Int+4}
 72316 | Vaults:5 | Got a silver rune of Zot
 72337 | Vaults:5 | Learned a level 4 spell: Passage of Golubria
 72358 | Vaults:5 | Acquired 853 gold pieces
 72400 | Vaults:5 | Identified the +1 ring mail of the Bruised Xeniums {Will+
                  | Stlth+}
 72411 | Vaults:5 | Identified the staff "Kirat" {rPois rN+ Str+6 Necro}
 72648 | Vaults:5 | Reached skill level 2 in Earth Magic
 72648 | Vaults:5 | Reached skill level 2 in Shapeshifting
 72951 | Depths:3 | Voluntarily entered the Abyss.
 73070 | Abyss:1  | Found a corrupted altar of Lugonu.
 73114 | Depths:3 | Escaped the Abyss
 73163 | Zot:1    | Entered Level 1 of the Realm of Zot
 73492 | Slime:1  | Entered Level 1 of the Pits of Slime
 73766 | Slime:3  | Reached skill level 3 in Earth Magic
 73956 | Slime:2  | Reached skill level 19 in Spellcasting
 74089 | Slime:4  | Reached skill level 4 in Earth Magic
 74239 | Slime:4  | Gained mutation: Potions are less effective at restoring
                  | your health. [a shining eye]
 74243 | Slime:4  | Reached skill level 5 in Earth Magic
 74451 | Slime:3  | Reached skill level 6 in Earth Magic
 74653 | Slime:5  | Entered Level 5 of the Pits of Slime
 74734 | Slime:5  | Noticed Dissolution
 74739 | Slime:5  | Killed Dissolution
 74740 | Slime:5  | Reached skill level 7 in Earth Magic
 74891 | Slime:5  | Noticed the Royal Jelly
 75003 | Slime:5  | Reached XP level 26. HP: 249/265 MP: 28/46
 75004 | Slime:5  | Killed the Royal Jelly
 75005 | Slime:5  | Reached skill level 8 in Earth Magic
 75282 | Slime:5  | Found the +9 scales of the Dragon King {rPois rF+ rC+
                  | Will+}
 75400 | Slime:5  | Reached skill level 9 in Earth Magic
 75467 | Slime:5  | Got a slimy rune of Zot
 75649 | Slime:5  | Identified the amulet "Soloughove" {rElec Regen+ Dex-2
                  | Slay+5 Stlth+}
 75879 | Slime:5  | Identified the ring of Tulips {EV+5 Int+3}
 76134 | Slime:2  | Learned a level 8 spell: Lehudib's Crystal Spear
 76540 | Crypt:1  | Killed a royal mummy
 76668 | Crypt:1  | Reached skill level 3 in Shapeshifting
 76935 | Crypt:1  | Reached skill level 5 in Translocations
 76942 | Crypt:1  | Reached skill level 10 in Earth Magic
 76949 | Crypt:1  | Reached skill level 4 in Shapeshifting
 77320 | Crypt:1  | Reached skill level 6 in Translocations
 77491 | Crypt:1  | Reached skill level 5 in Shapeshifting
 78019 | Crypt:1  | Identified the +5 broad axe of Zoanaj Jaext {vamp, Str+3
                  | Dex+2}
 78226 | Crypt:1  | Identified the +1 leather armour of the Ten Charming Coins
                  | {Slay+3}
 78282 | Crypt:1  | Identified the +3 scale mail of Parts Unknown {rF+ Str+2}
 78411 | Crypt:2  | Reached skill level 6 in Shapeshifting
 78905 | Crypt:2  | Reached skill level 7 in Shapeshifting
 79227 | Crypt:2  | Identified the orb of the Game of Kings {light, rN+ Int-5
                  | Dex+3}
 79227 | Crypt:2  | Noticed Frederick
 79236 | Crypt:2  | Killed Frederick
 79507 | Crypt:2  | Found a runed translucent gate.
 79507 | Crypt:2  | Found a runed translucent gate.
 79507 | Crypt:2  | Found a runed translucent gate.
 79510 | Crypt:2  | Noticed Uniexadu's ghost (adept GrFi)
 79593 | Crypt:2  | Reached skill level 8 in Shapeshifting
 80110 | Crypt:2  | Reached skill level 9 in Shapeshifting
 80230 | Crypt:2  | Found the ring of the Hare {EV+10}
 80272 | Crypt:2  | Killed Uniexadu's ghost
 80462 | Crypt:3  | Entered Level 3 of the Crypt
 80598 | Crypt:3  | Reached skill level 10 in Shapeshifting
 81251 | Crypt:3  | Reached skill level 11 in Shapeshifting
 81251 | Crypt:3  | Reached XP level 27. HP: 272/273 MP: 27/46
 81493 | Crypt:3  | Identified the +2 robe of the Evil One {Rampage rPois rN+
                  | Dex-5}
 81493 | Crypt:3  | Noticed Boris
 81496 | Crypt:3  | Killed Boris
 81927 | Crypt:3  | Noticed a dread lich
 81933 | Crypt:3  | Killed a dread lich
 81933 | Crypt:3  | Noticed an ancient lich
 81934 | Crypt:3  | Reached skill level 12 in Shapeshifting
 81940 | Crypt:3  | Killed an ancient lich
 82150 | Crypt:3  | Found an ancient bone altar of Kikubaaqudgha.
 82405 | Crypt:3  | Found a staircase to the Tomb.
 82919 | Crypt:3  | Identified the staff of Spite {rC+ rN+ Fire Ice}
 82931 | Crypt:3  | Identified the amulet of the Twisting Madman {RegenMP Harm
                  | Regen+}
 82932 | Crypt:3  | sleeves: ??harm
 82932 | Crypt:3  | beem: harm[1/3]: Increases damage done by the wearer by
                  | 30/45% and to the wearer by 20/30% (at one/two levels,
                  | respectively). Applied after AC. It applies to damage from
                  | melee, ranged, spells, abilities, evocations, clouds,
                  | falling down stairs, etc.
 82932 | Crypt:3  | sleeves: ??harm[2]
 82932 | Crypt:3  | beem: harm[2/3]: It is not clear whether harm stacking is a
                  | kindness to players or a cruel jest. Perhaps a little bit
                  | of both.
 82932 | Crypt:3  | sleeves: ??harm[3]
 82932 | Crypt:3  | beem: harm[3/3]: In 0.29-, harm did not stack. First added
                  | as a scarf ego in 0.25, and first added anywhere in 0.18 as
                  | the "amulet of pain".
 83316 | Hell     | Entered the Vestibule of Hell
 83316 | Hell     | Noticed Geryon
 83320 | Hell     | Killed Geryon
 83335 | Depths:1 | Reached skill level 13 in Shapeshifting
 84380 | Zot:2    | Reached skill level 14 in Shapeshifting
 84593 | Zot:2    | Noticed an orb of fire
 84595 | Zot:2    | Gained mutation: You are weak. (Str -2) [an orb of fire]
 84596 | Zot:2    | Gained mutation: You occasionally lose the ability to drink
                  | potions when taking damage. [an orb of fire]
 84609 | Zot:2    | Killed an orb of fire
 84714 | Zot:2    | Reached skill level 15 in Shapeshifting
 84765 | Zot:2    | Noticed an orb of fire
 84771 | Zot:2    | Killed an orb of fire
 84822 | Zot:2    | Found a glowing golden altar of the Shining One.
 84823 | Zot:2    | Found a glowing silver altar of Zin.
 84823 | Zot:2    | Found a white marble altar of Elyvilon.
 85433 | Zot:2    | Reached skill level 16 in Shapeshifting
 86173 | Zot:3    | Reached skill level 17 in Shapeshifting
 86864 | Zot:4    | Noticed an orb of fire
 86867 | Zot:4    | Killed an orb of fire
 86956 | Zot:4    | Noticed Vv
 87108 | Zot:4    | Reached skill level 18 in Shapeshifting
 87233 | Zot:4    | Killed Vv
 87549 | Zot:5    | Entered Level 5 of the Realm of Zot
 88043 | Zot:5    | Acquired a book of Chaos
 88045 | Zot:5    | Acquired the Anthology of Geology and Blasts
 88047 | Zot:5    | Acquired 441 gold pieces
 88124 | Zot:5    | Reached skill level 19 in Shapeshifting
 88137 | Zot:5    | Noticed an orb of fire
 88227 | Zot:5    | Killed an orb of fire
 88278 | Zot:5    | Noticed a dread lich
 88282 | Zot:5    | Killed a dread lich
 88289 | Zot:5    | Noticed a dread lich
 88291 | Zot:5    | Killed a dread lich
 88292 | Zot:5    | Noticed an ancient lich
 88295 | Zot:5    | Killed an ancient lich
 88386 | Zot:5    | Noticed a dread lich
 88387 | Zot:5    | Killed a dread lich
 88403 | Zot:5    | Noticed a dread lich
 88405 | Zot:5    | Killed a dread lich
 88406 | Zot:5    | Reached skill level 20 in Shapeshifting
 88442 | Zot:5    | Noticed an orb of fire
 88445 | Zot:5    | Killed an orb of fire
 88445 | Zot:5    | Noticed a dread lich
 88446 | Zot:5    | Killed a dread lich
 88446 | Zot:5    | Noticed a dread lich
 88447 | Zot:5    | Killed a dread lich
 88447 | Zot:5    | Killed a dread lich
 88460 | Zot:5    | Noticed a dread lich
 88461 | Zot:5    | Killed a dread lich
 88571 | Zot:5    | Identified the staff "Qufuon" {rPois rN+ Str+3 Alchemy}
 88594 | Zot:5    | Noticed an ancient lich
 88597 | Zot:5    | Killed an ancient lich
 88648 | Zot:5    | Reached skill level 21 in Shapeshifting
 88709 | Zot:5    | Noticed an orb of fire
 88718 | Zot:5    | Killed an orb of fire
 88779 | Zot:5    | Noticed an ancient lich
 88784 | Zot:5    | Killed an ancient lich
 88890 | Zot:5    | Noticed an ancient lich
 88893 | Zot:5    | Killed an ancient lich
 89032 | Zot:5    | Reached skill level 22 in Shapeshifting
 89148 | Zot:5    | Noticed an ancient lich
 89153 | Zot:5    | Killed an ancient lich
 89189 | Zot:5    | Upgraded the game from 0.32-a0-422-g28b100f618 to
                  | 0.32-a0-433-g08bcfe7efd
 89382 | Depths:3 | HP: 106/248 [searing wretch (22)]
 89710 | Hell     | HP: 123/252 [sun demon[a balrug] (6)]
 89710 | Hell     | HP: 55/252 [searing wretch (37)]
 89710 | Hell     | HP: 18/252 [searing wretch (30)]
 90137 | Hell     | Found a gateway to the decaying netherworld of Tartarus.
 90742 | Hell     | Reached skill level 23 in Shapeshifting
 90840 | Hell     | Found a gateway to the freezing wastes of Cocytus.
 90898 | Hell     | Found a gateway to the Iron City of Dis.
 90990 | Hell     | Found a gateway to the ashen valley of Gehenna.
 91120 | Coc:1    | Entered Level 1 of Cocytus
 91196 | Hell     | Lost mutation: Potions are less effective at restoring your
                  | health. [potion of mutation]
 91196 | Hell     | Lost mutation: You are weak. (Str -2) [potion of mutation]
 91196 | Hell     | Lost mutation: You occasionally lose the ability to drink
                  | potions when taking damage. [potion of mutation]
 91196 | Hell     | Gained mutation: You are weak. (Str -2) [potion of
                  | mutation]
 91196 | Hell     | Gained mutation: You occasionally shout uncontrollably at
                  | your foes. [potion of mutation]
 91196 | Hell     | Gained mutation: Your body sometimes deteriorates upon
                  | taking damage. [potion of mutation]
 91196 | Hell     | Gained mutation: You are strong-willed. (Will+) [potion of
                  | mutation]
 91197 | Hell     | Lost mutation: Your flesh is heat resistant. (rF+) [potion
                  | of mutation]
 91197 | Hell     | Lost mutation: Your body sometimes deteriorates upon taking
                  | damage. [potion of mutation]
 91197 | Hell     | Gained mutation: You are partially covered in large bone
                  | plates. (SH +4) [potion of mutation]
 91197 | Hell     | Gained mutation: Your mind is acute. (Int +4, Str/Dex -1)
                  | [potion of mutation]
 91215 | Hell     | Learned a level 6 spell: Dispersal
 91625 | Coc:4    | Reached skill level 7 in Translocations
 91627 | Coc:4    | Reached skill level 12 in Stealth
 91746 | Coc:4    | HP: 28/180 [shot self (93)]
 91950 | Coc:5    | HP: 86/188 [juggernaut simulacrum (10)]
 91953 | Coc:5    | Reached skill level 17 in Fighting
 91973 | Coc:5    | HP: 110/220 [frost giant/bolt of cold (7)]
 92156 | Coc:6    | Reached skill level 8 in Translocations
 92161 | Coc:6    | Reached skill level 20 in Spellcasting
 92164 | Coc:6    | HP: 109/277 [elemental wellspring/torrent of water (39)]
 92184 | Coc:6    | HP: 137/280 [Ice Fiend (2)]
 92241 | Coc:6    | Reached skill level 18 in Fighting
 92386 | Coc:5    | Reached skill level 9 in Translocations
 92466 | Coc:7    | Entered Level 7 of Cocytus
 92468 | Coc:7    | Reached skill level 13 in Stealth
 92568 | Coc:7    | Reached skill level 19 in Fighting
 92574 | Coc:7    | Reached skill level 10 in Translocations
 92878 | Coc:7    | Reached skill level 11 in Translocations
 92891 | Coc:7    | Reached skill level 20 in Fighting
 93025 | Coc:7    | Identified the +6 hand axe of Fic Xum {flame, rF+ rN+}
 93165 | Coc:7    | Noticed the Serpent of Hell
 93173 | Coc:7    | Killed the Serpent of Hell
 93278 | Coc:7    | Reached skill level 21 in Fighting
 93278 | Coc:7    | Reached skill level 12 in Translocations
 93348 | Coc:7    | Noticed Antaeus
 93406 | Coc:7    | Killed Antaeus
 93415 | Coc:7    | Paralysed by a wendigo for 1 turns
 93465 | Coc:7    | Identified the +8 chain mail of the Armoured One {rN+
                  | Dex+5}
 93480 | Coc:7    | Got an icy rune of Zot
 93651 | Geh:1    | Entered Level 1 of Gehenna
 93839 | Geh:3    | Reached skill level 22 in Fighting
 94392 | Geh:7    | Entered Level 7 of Gehenna
 94407 | Hell     | HP: 134/268 [searing wretch (6)]
 94734 | Geh:7    | Found the +13 sceptre of Asmodeus
 94734 | Geh:7    | Noticed Asmodeus
 94746 | Geh:7    | HP: 111/230 [searing wretch (39)]
 94754 | Geh:7    | HP: 51/230 [searing wretch (36)]
 94759 | Geh:7    | HP: 41/230 [stoker (13)]
 94760 | Geh:7    | HP: 18/230 [spore (19)]
 94760 | Geh:7    | Killed by an exploding creeping inferno

Illustrated notes

Levels and vault maps discovered:
D:1:      lemuel_arrival_cross, layout_loops_ring,
          hellmonk_ecumenical_altar_inner_sanctum
D:2:      wad_woods_tower, layout_basic, basic_altar, uniq_robin, uniq_natasha,
          uniq_terence
D:3:      layout_basic, gup_sewer_entry_bowl, minmay_rat_hole
D:4:      layout_basic, nicolae_dithmenos_shadow_blocks, serial_shops, shop,
          shop, nicolae_shop_rolling_square, shop, nicolae_goblin_pals
D:5:      layout_cave_pools, nicolae_tso_besieged_by_evil,
          nicolae_gozag_cash_rules_everything_around_me, serial_shops,
          nicolae_shop_real_fake_doors, gammafunk_ghost_gnarly_gnolls,
          cheibrodos_gnoll_hut
D:6:      layout_basic, minmay_overflow_temple_hex,
          minmay_temple_entry_offerings, nicolae_shop_firing_range
D:7:      layout_loops_ring, mainiacjoe_overflow_alcove_4,
          nicolae_qazlal_general_emergency, serial_glass, glass_columns_a,
          glass_columns_a, gammafunk_ghost_berserking_beasts
D:8:      layout_gridville, david_lair_shrubbed, uniq_psyche
D:9:      layout_long_grid, nzn_hepliaklqana_mist_gate, serial_bayou,
          serial_bayou_ford_a, serial_bayou_pond_a, serial_bayou_crossing,
          serial_bayou_lake_a
D:10:     layout_grid_maze
D:11:     minmay_the_grid_triangle_9x9_rhombus_thin_mashed
          [minmay_the_grid_triangle_9x9_sprig,
          minmay_the_grid_triangle_9x9_prize_special,
          minmay_the_grid_triangle_9x9_cache,
          minmay_the_grid_triangle_9x9_sparse_checkered], layout_cave_pools,
          wad_floor_pattern_2, uniq_grum
D:12:     layout_irregular_city
D:13:     layout_rooms, hellmonk_vaults_attempted_burglary,
          hangedman_decor_growths, uniq_jorgrun
D:14:     layout_long_grid, kennysheep_doodads, ice2_lemuel
D:15:     grunt_enter_depths_snipers, layout_loops_ring, serial_bayou_pond_c,
          lemuel_flamethrower_2, uniq_nessos
Temple:   zaba_magenta_temple
Lair:1:   layout_chaotic_city
Lair:2:   layout_small_grid, basic_altar, infiniplex_staircase_pool_2
Lair:3:   layout_chaotic_city, nicolae_swamp_entry_splash_gauntlet,
          guppyfry_snake_entry_island, eino_small_chamber_without_monster,
          serial_bayou_shore_a, grunt_megastairs_1, lemuel_fruit_fields
Lair:4:   layout_cave_shapes, special_room [special_room_mythical_zoo],
          chequers_serial_rivers_micro_a, nicolae_quartered_pool_super,
          grunt_megastairs_3, lemuel_fruit_fields
Lair:5:   grunt_lair_end_beastmaster, layout_cellular_growth, slime_entry_1,
          basic_altar, chequers_serial_rivers_small_3
Swamp:1:  layout_basic_swamp, hangedman_swamp_pad, swamp_pool_1_2, uniq_aizul
Swamp:2:  layout_falls_marsh, gammafunk_ghost_mausoleum,
          evilmike_swamp_ruin_house_5
Swamp:3:  layout_basic_swamp, evilmike_swamp_ruin_wall, swamp_pool_4,
          uniq_louise, uniq_mlioglotl
Swamp:4:  swamp_icy, layout_basic_swamp, swamp_pool_5,
          infiniplex_staircase_pool, nicolae_swamp_decorative_isthmus
Snake:1:  layout_misc_corridors
Snake:2:  layout_gridlike, uniq_frances, uniq_vashnia
Snake:3:  cheibrodos_snake_ritualist_ritual, layout_gridlike, basic_altar,
          portal_ice_cave_entry_frozen_things, grunt_ministairs_9
Snake:4:  minmay_snake_end_coiled, layout_rooms
Slime:1:  layout_caves
Slime:2:  layout_caves
Slime:3:  layout_caves
Slime:4:  layout_caves
Slime:5:  slime_pit_nicolae_inversion, uniq_dissolution
Orc:1:    layout_caves, serial_shops, shop
Orc:2:    kennysheep_orc_mage_school, layout_caves, uniq_snorg, uniq_azrael,
          uniq_donald, uniq_josephine
Elf:1:    nicolae_elf_arrival_dilemma, layout_geoelf_octagon, serial_shops,
          nicolae_diamond_shop, minivault_28, st_stairs_2,
          amcnicky_mini_pool_small, drop_trap
Elf:2:    elven_hall_of_blades_hangedman_original [nicolae_blade_lattice],
          layout_onion_city, lemuel_upstairs_altar
Elf:3:    elf_hall, layout_loops_cross
Vaults:1: vaults_room_grunt_arrival_checkpoint, grunt_vaults_focal,
          nicolae_vaults_closet_pinwheel_2, nicolae_vaults_wine_cellar,
          nicolae_vaults_variable_pillar_hall, vaults_dpeg_diagonal,
          vaults_room_pools, layout_vaults_omnigrid, uniq_nikola
Vaults:2: minmay_crypt_entry_skeletal_spiral, nicolae_vaults_tetromino_Z_2,
          nicolae_vaults_meiosis, lightli_orcish_oven, grunt_vaults_twisty,
          hangedman_vaults_stretched_pinwheel, nicolae_vaults_mitosis,
          v_misc_17, ontoclasm_vaults_chip, door_vault,
          nicolae_vaults_octothorpe, layout_vaults_omnibox, serial_shops, shop,
          uniq_margery
Vaults:3: hangedman_vaults_corner, nicolae_vaults_triangles,
          nicolae_vaults_sightless_eye, vaults_room_hallway,
          nicolae_vaults_little_squares_2, st_more_cells,
          nicolae_vaults_closet_pinwheel_4, nicolae_vaults_trapezoid_lopsided_3,
          nicolae_vaults_octothorpe, nicolae_vaults_circle_grid_a,
          nicolae_vaults_variable_pillar_hall, nicolae_vaults_network_s,
          vaults_room_stairs_pillars, v_misc_27, nicolae_vaults_house_2,
          serial_ice_b, layout_vaults_big_cross
Vaults:4: portal_desolation_entry_nicolae_nacl, v_misc_18,
          nicolae_vaults_little_squares_2, nicolae_vaults_rhombus_7,
          nicolae_vaults_trapezoid_1, nicolae_vaults_security_offices_2,
          nicolae_vaults_trapezoid_lopsided_4,
          nicolae_vaults_trapezoid_lopsided_1, nicolae_vaults_specimen_jars,
          nicolae_vaults_offset_grid_hallway_3,
          hangedman_vaults_stretched_pinwheel, layout_vaults_maze_snakey,
          serial_shops, nicolae_shop_competitors_out_of_business,
          nicolae_diamond_shop
Vaults:5: uniq_mennas
Crypt:1:  cheibrodos_crypt_draghalla, layout_rooms,
          nicolae_crypt_sons_of_ramesses, uniq_khufu
Crypt:2:  layout_gridlike, gammafunk_ghost_spectres, serial_library,
          serial_library_hellmonk_long_bookcase,
          serial_library_regret_index_double_sided,
          serial_library_hellmonk_open_square,
          serial_library_hellmonk_recessed_alcove,
          serial_library_hellmonk_double_dead_end, nicolae_crypt_reliquary_box,
          uniq_frederick
Crypt:3:  quadcrypt_mu, uniq_boris
Depths:1: layout_basic, enter_ziggurat_a, ashenzari_conservatory_becter,
          pf_coc_iceberg, chequers_jeans, nicolae_vehumet_radiance,
          minmay_shop_grove, serial_bayou_shore_b, serial_bayou_shore_b
Depths:2: minmay_split_circle, layout_cross, serial_shops, shop,
          nicolae_shop_back_alley_shop, nicolae_shop_peninsula,
          grunt_hell_horde, grunt_pan_entry_zigzag,
          nicolae_wu_jian_wuxing_cycle, uniq_asterion, uniq_norris
Depths:3: nicolae_aperiodic_l_corner, layout_cave_shapes, abyss_entry,
          hell_entry, infiniplex_staircase_x, minmay_shoptagon
Depths:4: lemuel_castle_with_subvaults [lemuel_castle_interior_carwin_2],
          layout_cave_pools, hellmouth_1, serial_shops, bzr_entry_road,
          grunt_decor_one_mirror, serial_sigils_hangedman_scar
Hell
Geh:1:    layout_gehenna_pools_triple, nicolae_geh_rippling_lava
Geh:2:    layout_gehenna_pools_box
Geh:3:    layout_gehenna_pools_triple
Geh:4:    layout_gehenna_pools_basic
Geh:5:    layout_gehenna_pools_triple
Geh:6:    layout_gehenna_pools_basic
Geh:7:    evilmike_geh
Coc:1:    layout_cocytus_delve
Coc:2:    layout_cocytus_water_paths, nicolae_coc_statues_of_limitations
Coc:3:    layout_ice_bergs
Coc:4:    layout_cocytus_water_paths
Coc:5:    nicolae_coc_naught_crossing, layout_ice_bergs
Coc:6:    nicolae_coc_ice_floe, layout_cocytus_delve, serial_ice, serial_ice_h,
          serial_ice_a, serial_ice_e, serial_ice_o
Coc:7:    coc_grunt
Zot:1:    layout_basic, regret_index_zotdec_wing_it, st_stairs_9,
          kennysheep_underground_church
Zot:2:    layout_basic, regret_index_zotdec_alabaster_prism
Zot:3:    layout_onion_interference
Zot:4:    layout_basic, st_stairs_14, uniq_vv
Zot:5:    layout_gridlike, grunt_ministairs_4

Skill      XL: |  1  2  3  4  5  6  7  8  9 10 11 12 13 14 15 16 17 18 19 20 21 22 23 24 25 26 27 |
---------------+----------------------------------------------------------------------------------+-----
Conjurations   | 4 5 6 8 9 10 11 12 13 14 16 18 20 22 23 | 23.9
Spellcasting   | 3 4 5 6 8 10 11 13 14 15 16 17 19 20 | 20.0
Fighting       | 4 8 11 12 14 15 16 22 | 22.7
Shields        | 3 6 9 10 13 15 | 15.0
Translocations | 3 4 6 12 | 12.0
Summonings     | 3 6 8 |  8.0
Fire Magic     | 5 9 10 12 16 18 20 21 22 | 22.0
Dodging        | 5 6 |  6.2
Stealth        | 8 11 13 | 13.0
Earth Magic    | 7 10 | 10.0
Shapeshifting  | 2 11 23 | 23.0

Action                     |  1- 3 |  4- 6 |  7- 9 | 10-12 | 13-15 | 16-18 | 19-21 | 22-24 | 25-27 || total
---------------------------+-------+-------+-------+-------+-------+-------+-------+-------+-------++-------
  Melee: Short sword       |       |    10 |    22 |       |       |       |       |       |       ||    32
         Headbutt          |       |     2 |     4 |     1 |     7 |       |     1 |     4 |    10 ||    29
         Trident           |       |       |       |     4 |    23 |       |       |       |       ||    27
         Staff             |       |       |       |       |     5 |       |     4 |       |       ||     9
         Dagger            |       |       |       |       |       |       |       |    15 |    30 ||    45
   Cast: Magic Dart        |    54 |   111 |   237 |    77 |   292 |   667 |   321 |    49 |       ||  1808
         Searing Ray       |       |     6 |    34 |    26 |     7 |       |       |       |       ||    73
         Fulminant Prism   |       |       |    11 |   198 |   252 |    58 |       |       |       ||   519
         Iskenderun's Myst |       |       |     1 |    29 |   105 |    98 |   123 |    32 |     8 ||   396
         Iskenderun's Batt |       |       |       |       |    60 |   118 |    59 |     8 |       ||   245
         Orb of Destructio |       |       |       |       |    42 |    77 |   158 |   239 |    52 ||   568
         Spellforged Servi |       |       |       |       |     3 |    11 |    38 |     6 |   129 ||   187
         Starburst         |       |       |       |       |       |    44 |    55 |    56 |    74 ||   229
         Fireball          |       |       |       |       |       |     7 |    86 |    66 |       ||   159
         Plasma Beam       |       |       |       |       |       |       |    20 |   196 |   179 ||   395
         Ignition          |       |       |       |       |       |       |     6 |    73 |    79 ||   158
         Fire Storm        |       |       |       |       |       |       |       |     7 |   333 ||   340
         Lehudib's Crystal |       |       |       |       |       |       |       |       |   137 ||   137
         Passage of Golubr |       |       |       |       |       |       |       |       |     7 ||     7
         Blink             |       |       |       |       |       |       |       |       |     3 ||     3
Ability: Begin Untransform |       |       |       |       |       |       |       |       |     1 ||     1
  Evoke: Wand              |       |       |    14 |     4 |     4 |     1 |     5 |     3 |       ||    31
         Phantom mirror    |       |       |       |       |       |       |     1 |       |     1 ||     2
         Condenser vane    |       |       |       |       |       |       |     1 |       |       ||     1
    Use: Potion            |       |       |     1 |       |       |       |     3 |       |     4 ||     8
         Scroll            |       |       |       |     6 |    18 |    13 |     5 |     9 |    19 ||    70
   Stab: Distracted        |       |       |       |       |       |       |       |       |     1 ||     1
 Armour: Robe              |     4 |    35 |   122 |    98 |   227 |    94 |       |       |       ||   580
         Animal skin       |       |       |       |       |       |   105 |   221 |   163 |   376 ||   865
  Dodge: Dodged            |     1 |    11 |    70 |    31 |    52 |    35 |    38 |    47 |    77 ||   362
  Block: Kite shield       |       |       |       |       |    78 |    48 |       |       |       ||   126
         Tower shield      |       |       |       |       |       |    85 |    83 |   236 |   507 ||   911
         Reflection        |       |       |       |       |       |       |       |    45 |    17 ||    62
   Form: Death             |       |       |       |       |       |       |       |       |     3 ||     3
                           |       |       |       |       |       |       |       |       |     1 ||     1

Table legend: (Time is in decaauts)
 A = Elapsed time spent in this place.
 B = Non-inter-level travel time spent in this place.
 C = Inter-level travel time spent in this place.
 D = Time resting spent in this place.
 E = Time spent auto-exploring this place.
 F = Levels seen in this place.
 G = Mean time per level.
                   A        B        C        D        E       F      G
               +--------+--------+--------+--------+--------+-----+--------+
         Total |  94926 |  85899 |   9027 |  13672 |  56948 |  76 | 1249.0 |
       Dungeon |  21551 |  19066 |   2485 |   1711 |  14869 |  15 | 1436.7 |
        Temple |      1 |      1 |      0 |      0 |      0 |   1 |    1.0 |
          Lair |   9585 |   8359 |   1226 |   2552 |   4529 |   5 | 1917.0 |
         Swamp |   3886 |   3515 |    371 |    273 |   2596 |   4 |  971.5 |
     Snake Pit |   5707 |   5342 |    365 |    623 |   3531 |   4 | 1426.8 |
    Slime Pits |   2677 |   2462 |    215 |   1247 |    796 |   5 |  535.4 |
  Orcish Mines |   2251 |   2018 |    233 |    328 |   1334 |   2 | 1125.5 |
   Elven Halls |   3985 |   3647 |    338 |    423 |   2632 |   3 | 1328.3 |
        Vaults |  12919 |  12044 |    875 |   2599 |   8034 |   5 | 2583.8 |
         Crypt |   6379 |   6226 |    153 |    146 |   5063 |   3 | 2126.3 |
        Depths |   9865 |   8831 |   1034 |   1291 |   5546 |   4 | 2466.2 |
          Hell |   1548 |   1423 |    125 |    606 |    566 |   1 | 1548.0 |
       Gehenna |    919 |    493 |    426 |     94 |      0 |   7 |  131.3 |
       Cocytus |   2190 |   1437 |    753 |    420 |    164 |   7 |  312.9 |
           Zot |   5870 |   5449 |    421 |    298 |   4310 |   5 | 1174.0 |
         Abyss |    162 |    162 |      0 |      0 |     48 |   1 |  162.0 |
        Bazaar |    141 |    141 |      0 |      0 |     85 |   1 |  141.0 |
         Sewer |    973 |    973 |      0 |    383 |    405 |   1 |  973.0 |
      Ice Cave |    815 |    815 |      0 |    152 |    323 |   1 |  815.0 |
    Desolation |   3493 |   3493 |      0 |    526 |   2117 |   1 | 3493.0 |
               +--------+--------+--------+--------+--------+-----+--------+

Top non-repeatable levels by time:
  Lair:3: 3587 daAuts
Vaults:2: 3513 daAuts
Desolation: 3493 daAuts
Depths:4: 2969 daAuts
Vaults:3: 2968 daAuts
Depths:3: 2871 daAuts
 Crypt:3: 2634 daAuts
Vaults:4: 2631 daAuts
Depths:2: 2442 daAuts
    D:11: 2272 daAuts
 Crypt:2: 2094 daAuts
Vaults:1: 2031 daAuts
   Orc:2: 1812 daAuts
Vaults:5: 1774 daAuts
 Snake:3: 1759 daAuts
